Workbook
Name BI_LDCLIST: '[1]3. Rate Class Selection'!$B$19:$B$21
Name BridgeYear: '[2]LDC Info'!$E$26
Name BridgeYear: '[3]LDC Info'!$E$26
Name contactf: #REF!
Name contactf: #REF!
Name contactf: #REF!
Name CustomerAdministration: [2]lists!$Z$1:$Z$36
Name CustomerAdministration: [3]lists!$Z$1:$Z$36
Name EBNUMBER: '[2]LDC Info'!$E$16
Name EBNUMBER: '[3]LDC Info'!$E$16
Name Fixed_Charges: [2]lists!$I$1:$I$212
Name histdate: [4]Financials!$E$76
Name Incr2000: #REF!
Name Incr2000: #REF!
Name Incr2000: #REF!
Name LDC_LIST: [5]lists!$AM$1:$AM$80
Name LDCLIST: '[2]LDC Info'!$AA$3:$AA$99
Name LDCLIST: '[3]LDC Info'!$AA$3:$AA$99
Name LIMIT: #REF!
Name LIMIT: #REF!
Name LIMIT: #REF!
Name LossFactors: [2]lists!$L$2:$L$15
Name LossFactors: [3]lists!$L$2:$L$15
Name man_beg_bud: #REF!
Name man_beg_bud: #REF!
Name man_beg_bud: #REF!
Name man_end_bud: #REF!
Name man_end_bud: #REF!
Name man_end_bud: #REF!
Name man12ACT: #REF!
Name man12ACT: #REF!
Name man12ACT: #REF!
Name MANBUD: #REF!
Name MANBUD: #REF!
Name MANBUD: #REF!
Name manCYACT: #REF!
Name manCYACT: #REF!
Name manCYACT: #REF!
Name manCYBUD: #REF!
Name manCYBUD: #REF!
Name manCYBUD: #REF!
Name manCYF: #REF!
Name manCYF: #REF!
Name manCYF: #REF!
Name MANEND: #REF!
Name MANEND: #REF!
Name MANEND: #REF!
Name manNYbud: #REF!
Name manNYbud: #REF!
Name manNYbud: #REF!
Name manpower_costs: #REF!
Name manpower_costs: #REF!
Name manpower_costs: #REF!
Name manPYACT: #REF!
Name manPYACT: #REF!
Name manPYACT: #REF!
Name MANSTART: #REF!
Name MANSTART: #REF!
Name MANSTART: #REF!
Name mat_beg_bud: #REF!

Sheet Tables
A2: Table 1: Proposed Residential Rates and Acquisition Riders - Five Year Rate Period (2016-2020)
A3: Proposed Rate Effective Dates | B3: Fixed Service Charge | C3: 1% Fixed Acquisition Rider | D3: Volumetric Charge | E3: 1% Volumetric Acquisition Rider
A4: October 31 2015 | B4: ='2016 Bill Impact'!C14 -> 12.98 | C4: ='2016 Bill Impact'!C15 -> -0.13 | D4: ='2016 Bill Impact'!C17 -> 0.0222 | E4: ='2016 Bill Impact'!C18 -> -0.0002
A5: January 1 2016 | B5: ='2016 Bill Impact'!G14 -> 16.38 | C5: ='2016 Bill Impact'!G15 -> -0.1638 | D5: ='2016 Bill Impact'!G17 -> 0.0178 | E5: ='2016 Bill Impact'!G18 -> -0.0002
A6: January 1 2017 | B6: ='2017 Bill Impact'!G14 -> 19.77 | C6: ='2017 Bill Impact'!G15 -> -0.1977 | D6: ='2017 Bill Impact'!G17 -> 0.0133 | E6: ='2017 Bill Impact'!G18 -> -0.0001
A7: January 1 2018 | B7: ='2018 Bill Impact'!G14 -> 23.18 | C7: ='2018 Bill Impact'!G15 -> -0.2318 | D7: ='2018 Bill Impact'!G17 -> 0.0089 | E7: ='2018 Bill Impact'!G18 -> -0.0001
A8: January 1 2019 | B8: ='2019 Bill Impact'!G14 -> 26.57 | C8: ='2019 Bill Impact'!G15 -> -0.2657 | D8: ='2019 Bill Impact'!G17 -> 0.0044 | E8: ='2019 Bill Impact'!G18 -> -4e-05
A9: January 1 2020 | B9: ='2020 Bill Impact'!G14 -> 29.98 | C9: ='2020 Bill Impact'!G15 -> -0.2998 | D9: ='2020 Bill Impact'!G17 -> 0 | E9: ='2020 Bill Impact'!G18 -> 0
A13: Table 2: Total Monthly Residential TOU Bill Impacts - Five Year Rate Period (2016-2020)
A14: Total kWh | B14: Oct 31 2015 | C14: Jan 1 2016 | D14: Total Impact $ | E14: Total Impact %
A15: 285 kWh | B15: ='2016 Bill Impact'!E39 -> 64.321871 | C15: ='2016 Bill Impact'!I39 -> 66.708657 | D15: ='2016 Bill Impact'!K39 -> 2.386786 | E15: ='2016 Bill Impact'!L39 -> 0.037106912
A16: 800 kWh | B16: ='2016 Bill Impact'!E75 -> 150.88338 | C16: ='2016 Bill Impact'!I75 -> 150.70959 | D16: ='2016 Bill Impact'!K75 -> -0.173794 | E16: ='2016 Bill Impact'!L75 -> -0.0011518432
A17: 1,500 kWh | B17: ='2016 Bill Impact'!E111 -> 268.5398 | C17: ='2016 Bill Impact'!I111 -> 264.88561 | D17: ='2016 Bill Impact'!K111 -> -3.654194 | E17: ='2016 Bill Impact'!L111 -> -0.013607644
B19: Jan 1 2016 | C19: Jan 1 2017 | D19: Total Impact $ | E19: Total Impact %
A20: 285 kWh | B20: =C15 -> 66.708657 | C20: ='2017 Bill Impact'!I39 -> 69.08403 | D20: ='2017 Bill Impact'!K39 -> 2.375373 | E20: ='2017 Bill Impact'!L39 -> 0.035608167
A21: 800 kWh | B21: =C16 -> 150.70959 | C21: ='2017 Bill Impact'!I75 -> 150.52438 | D21: ='2017 Bill Impact'!K75 -> -0.185207 | E21: ='2017 Bill Impact'!L75 -> -0.0012288999
A22: 1,500 kWh | B22: =C17 -> 264.88561 | C22: ='2017 Bill Impact'!I111 -> 261.22 | D22: ='2017 Bill Impact'!K111 -> -3.665607 | E22: ='2017 Bill Impact'!L111 -> -0.013838453
B24: Jan 1 2017 | C24: Jan 1 2018 | D24: Total Impact $ | E24: Total Impact %
A25: 285 kWh | B25: =C20 -> 69.08403 | C25: ='2018 Bill Impact'!I39 -> 71.481777 | D25: ='2018 Bill Impact'!K39 -> 2.397747 | E25: ='2018 Bill Impact'!L39 -> 0.034707689
A26: 800 kWh | B26: =C21 -> 150.52438 | C26: ='2018 Bill Impact'!I75 -> 150.36155 | D26: ='2018 Bill Impact'!K75 -> -0.162833 | E26: ='2018 Bill Impact'!L75 -> -0.0010817716
A27: 1,500 kWh | B27: =C22 -> 261.22 | C27: ='2018 Bill Impact'!I111 -> 257.57677 | D27: ='2018 Bill Impact'!K111 -> -3.643233 | E27: ='2018 Bill Impact'!L111 -> -0.013946991
B29: Jan 1 2018 | C29: Jan 1 2019 | D29: Total Impact $ | E29: Total Impact %
A30: 285 kWh | B30: =C25 -> 71.481777 | C30: ='2019 Bill Impact'!I39 -> 72.951568 | D30: ='2019 Bill Impact'!K39 -> 1.469791 | E30: ='2019 Bill Impact'!L39 -> 0.020561758
A31: 800 kWh | B31: =C26 -> 150.36155 | C31: ='2019 Bill Impact'!I75 -> 149.24748 | D31: ='2019 Bill Impact'!K75 -> -1.114067 | E31: ='2019 Bill Impact'!L75 -> -0.0074092547
A32: 1,500 kWh | B32: =C27 -> 257.57677 | C32: ='2019 Bill Impact'!I111 -> 252.95066 | D32: ='2019 Bill Impact'!K111 -> -4.626107 | E32: ='2019 Bill Impact'!L111 -> -0.01796011
B34: Jan 1 2019 | C34: Jan 1 2020 | D34: Total Impact $ | E34: Total Impact %
A35: 285 kWh | B35: =C30 -> 72.951568 | C35: ='2020 Bill Impact'!I39 -> 75.362197 | D35: ='2020 Bill Impact'!K39 -> 2.410629 | E35: ='2020 Bill Impact'!L39 -> 0.033044238
A36: 800 kWh | B36: =C31 -> 149.24748 | C36: ='2020 Bill Impact'!I75 -> 149.12081 | D36: ='2020 Bill Impact'!K75 -> -0.126673 | E36: ='2020 Bill Impact'!L75 -> -0.00084874465
A37: 1,500 kWh | B37: =C32 -> 252.95066 | C37: ='2020 Bill Impact'!I111 -> 249.37523 | D37: ='2020 Bill Impact'!K111 -> -3.575433 | E37: ='2020 Bill Impact'!L111 -> -0.014134903

Sheet APPENDIX B
A9: Residential Class Distribution Rate Design - Proposed 5 Year Transition Period (2016 - 2020)
A10: Rate Effective Dates | B10: Fixed Service Charge | C10: Net Change | D10: Volumetric Charge | E10: Net Change | F10: Revenue Requirement | G10: Net Change
A11: Current Approved
A12: May 1 2014 | B12: ='2016 Bill Impact'!C14 -> 12.98 | D12: ='2016 Bill Impact'!C17 -> 0.0222 | F12: ='App.2-PA_Res_Rate_Design_16'!B20 -> 4959006
A13: Proposed
A14: January 1 2016 | B14: ='2016 Bill Impact'!G14 -> 16.38 | C14: =B14-B12 -> 3.4 | D14: ='2016 Bill Impact'!G17 -> 0.0178 | E14: =D14-D12 -> -0.0044 | F14: ='App.2-PA_Res_Rate_Design_16'!E45 -> 4964129.5 | G14: =F14-F12 -> 5123.5292
A15: January 1 2017 | B15: ='2017 Bill Impact'!G14 -> 19.77 | C15: =B15-B14 -> 3.39 | D15: ='2017 Bill Impact'!G17 -> 0.0133 | E15: =D15-D14 -> -0.0045 | F15: ='App.2-PA_Res_Rate_Design_17'!E45 -> 4954932.8 | G15: =F15-F14 -> -9196.6815
A16: January 1 2018 | B16: ='2018 Bill Impact'!G14 -> 23.18 | C16: =B16-B15 -> 3.41 | D16: ='2018 Bill Impact'!G17 -> 0.0089 | E16: =D16-D15 -> -0.0044 | F16: ='App.2-PA_Res_Rate_Design_18'!E45 -> 4961710.6 | G16: =F16-F15 -> 6777.7292
A17: January 1 2019 | B17: ='2019 Bill Impact'!G14 -> 26.57 | C17: =B17-B16 -> 3.39 | D17: ='2019 Bill Impact'!G17 -> 0.0044 | E17: =D17-D16 -> -0.0045 | F17: ='App.2-PA_Res_Rate_Design_19'!E45 -> 4952513.9 | G17: =F17-F16 -> -9196.6815
A18: January 1 2020 | B18: ='2020 Bill Impact'!G14 -> 29.98 | C18: =B18-B17 -> 3.41 | D18: ='2020 Bill Impact'!G17 -> 0 | E18: =D18-D17 -> -0.0044 | F18: =App.2PA_Res_Rate_Design_20!E45 -> 4959291.6 | G18: =F18-F17 -> 6777.7292
A19: Average Net Change | C19: =AVERAGE(C14:C18) -> 3.4 | D19: =AVERAGE(D14:D18) -> 0.00888 | F19: Cumulative Net Change | G19: =SUM(G14:G18) -> 285.6246

Sheet App.2-PA_Res_Rate_Design_16
A9: January 1 2016 Adjustment (Filing Requirements Appendix 2-PA)
A10: New Rate Design Policy For Residential Customers
A14: A) Data Inputs
A16: Test Year Billing Determinants for Residential Class
A17: Customers | B17: 13785
A18: kWh | B18: 126660107
A20: Proposed Residential Class Specific Revenue Requirement1 | B20: =(B17*B23*12)+B18*B24 -> 4959006
A22: Residential Base Rates on Current Tariff
A23: Monthly Fixed Charge ($) | B23: 12.98
A24: Distribution Volumetric Rate ($/kWh) | B24: 0.0222
B25: .
A26: B) Current Fixed/Variable Split
B28: Base Rates | C28: Billing Determinants | D28: Revenue | E28: % of Total Revenue
A29: Fixed | B29: =IF(B23="","",B23) -> 12.98 | C29: =IF(B17="","",B17) -> 13785 | D29: =IF(ISERROR(B29*C29*12),"",B29*C29*12) -> 2147151.6 | E29: =IF(ISERROR(D29/D31),"",D29/D31) -> 0.43298024
A30: Variable | B30: =IF(B24="","",B24) -> 0.0222 | C30: =IF(B18="","",B18) -> 126660107 | D30: =IF(ISERROR(B30*C30),"",B30*C30) -> 2811854.4 | E30: =IF(ISERROR(D30/D31),"",D30/D31) -> 0.56701976
A31: TOTAL | B31: - | C31: - | D31: =IF(ISERROR(D29+D30),"",D29+D30) -> 4959006 | E31: -
A33: C) Calculating Test Year Base Rates
A35: Number of Required Rate Design Policy Transition Years2 | B35: 5
B37: Test Year Revenue @ Current F/V Split | C37: Test Year Base Rates @ Current F/V Split | D37: Reconciliation - Test Year Base Rates @ Current F/V Split
A38: Fixed | B38: =IF(ISERROR(B$20*E29),"",B$20*E29) -> 2147151.6 | C38: =IF(ISERROR(ROUND(B38/B17/12,2)),"",ROUND(B38/B17/12,2)) -> 12.98 | D38: =IF(ISERROR(C38*B17*12),"",C38*B17*12) -> 2147151.6
A39: Variable | B39: =IF(ISERROR(B$20*E30),"",B$20*E30) -> 2811854.4 | C39: =IF(ISERROR(ROUND(B39/B18,4)),"",ROUND(B39/B18,4)) -> 0.0222 | D39: =IF(ISERROR(C39*B18),"",C39*B18) -> 2811854.4
A40: TOTAL | B40: =IF(ISERROR(B38+B39),"",B38+B39) -> 4959006 | C40: - | D40: =IF(ISERROR(D38+D39),"",D38+D39) -> 4959006
B42: New F/V Split | C42: Revenue @ new F/V Split | D42: Final Adjusted Base Rates | E42: Revenue Reconciliation @ Adjusted Rates
A43: Fixed | B43: =IF(ISERROR(((1-E29)/B35)+E29),"",((1-E29)/B35)+E29) -> 0.54638419 | C43: =IF(ISERROR(B43*B$20),"",B43*B$20) -> 2709522.5 | D43: =IF(ISERROR(ROUND(C43/B17/12,2)),"",ROUND(C43/B17/12,2)) -> 16.38 | E43: =IF(ISERROR(D43*12*B17),"",D43*12*B17) -> 2709579.6
A44: Variable | B44: =IF(ISERROR(1-B43),"",1-B43) -> 0.45361581 | C44: =IF(ISERROR(B44*B$20),"",B44*B$20) -> 2249483.5 | D44: =IF(ISERROR(ROUND(C44/B18,4)),"",ROUND(C44/B18,4)) -> 0.0178 | E44: =IF(ISERROR(D44*B18),"",D44*B18) -> 2254549.9
A45: TOTAL | B45: - | C45: =IF(ISERROR(SUM(C43:C44)),"",SUM(C43:C44)) -> 4959006 | D45: - | E45: =IF(ISERROR(E43+E44),"",E43+E44) -> 4964129.5
A47: Checks3
A48: Change in Fixed Rate | B48: =IF(ISERROR(D43-C38),"",D43-C38) -> 3.4
A49: Difference Between Revenues @ Proposed Rates and Class Specific Revenue Requirement | B49: =IF(ISERROR((D43*12*B17)+(D44*B18)-B20),"",(D43*12*B17)+(D44*B18)-B20) -> 5123.5292
B50: =IF(ISERROR(B49/B20), "", B49/B20) -> 0.0010331767
A52: Notes:
A54: 1 The final residential class specific revenue requirement, as shown in Appendix 2-P, should be used (i.e. the revenue requirement after any proposed adjustments to R/C ratios).
A57: 2 Default number of transition years for rate design policy change is 4. Where the change in the residential rate design will result in the fixed charge increasing by more than $4/year, a distributor may propose an additional transition year.
A60: 3 Change in fixed rate due to rate design policy should be less than $4. The difference between the proposed class revenue requirement and the revenue at calculated base rates should be minimal (i.e. should be reasonably considered as a rounding error)

Sheet App.2-PA_Res_Rate_Design_17
A9: January 1 2017 Adjustment (Filing Requirements Appendix 2-PA)
A10: New Rate Design Policy For Residential Customers
A14: A) Data Inputs
A16: Test Year Billing Determinants for Residential Class
A17: Customers | B17: 13785
A18: kWh | B18: 126660107
A20: Proposed Residential Class Specific Revenue Requirement1 | B20: ='App.2-PA_Res_Rate_Design_16'!B20 -> 4959006
A22: Residential Base Rates on Current Tariff
A23: Monthly Fixed Charge ($) | B23: 12.98
A24: Distribution Volumetric Rate ($/kWh) | B24: 0.0222
B25: .
A26: B) Current Fixed/Variable Split
B28: Base Rates | C28: Billing Determinants | D28: Revenue | E28: % of Total Revenue
A29: Fixed | B29: ='App.2-PA_Res_Rate_Design_16'!D43 -> 16.38 | C29: =IF(B17="","",B17) -> 13785 | D29: =IF(ISERROR(B29*C29*12),"",B29*C29*12) -> 2709579.6 | E29: =IF(ISERROR(D29/D31),"",D29/D31) -> 0.54583177
A30: Variable | B30: ='App.2-PA_Res_Rate_Design_16'!D44 -> 0.0178 | C30: =IF(B18="","",B18) -> 126660107 | D30: =IF(ISERROR(B30*C30),"",B30*C30) -> 2254549.9 | E30: =IF(ISERROR(D30/D31),"",D30/D31) -> 0.45416823
A31: TOTAL | B31: - | C31: - | D31: =IF(ISERROR(D29+D30),"",D29+D30) -> 4964129.5 | E31: -
A33: C) Calculating Test Year Base Rates
A35: Number of Required Rate Design Policy Transition Years2 | B35: ='App.2-PA_Res_Rate_Design_16'!B35-1 -> 4
B37: Test Year Revenue @ Current F/V Split | C37: Test Year Base Rates @ Current F/V Split | D37: Reconciliation - Test Year Base Rates @ Current F/V Split
A38: Fixed | B38: =IF(ISERROR(B$20*E29),"",B$20*E29) -> 2706783 | C38: =IF(ISERROR(ROUND(B38/B17/12,2)),"",ROUND(B38/B17/12,2)) -> 16.36 | D38: =IF(ISERROR(C38*B17*12),"",C38*B17*12) -> 2706271.2
A39: Variable | B39: =IF(ISERROR(B$20*E30),"",B$20*E30) -> 2252223 | C39: =IF(ISERROR(ROUND(B39/B18,4)),"",ROUND(B39/B18,4)) -> 0.0178 | D39: =IF(ISERROR(C39*B18),"",C39*B18) -> 2254549.9
A40: TOTAL | B40: =IF(ISERROR(B38+B39),"",B38+B39) -> 4959006 | C40: - | D40: =IF(ISERROR(D38+D39),"",D38+D39) -> 4960821.1
B42: New F/V Split | C42: Revenue @ new F/V Split | D42: Final Adjusted Base Rates | E42: Revenue Reconciliation @ Adjusted Rates
A43: Fixed | B43: =IF(ISERROR(((1-E29)/B35)+E29),"",((1-E29)/B35)+E29) -> 0.65937383 | C43: =IF(ISERROR(B43*B$20),"",B43*B$20) -> 3269838.8 | D43: =IF(ISERROR(ROUND(C43/B17/12,2)),"",ROUND(C43/B17/12,2)) -> 19.77 | E43: =IF(ISERROR(D43*12*B17),"",D43*12*B17) -> 3270353.4
A44: Variable | B44: =IF(ISERROR(1-B43),"",1-B43) -> 0.34062617 | C44: =IF(ISERROR(B44*B$20),"",B44*B$20) -> 1689167.2 | D44: =IF(ISERROR(ROUND(C44/B18,4)),"",ROUND(C44/B18,4)) -> 0.0133 | E44: =IF(ISERROR(D44*B18),"",D44*B18) -> 1684579.4
A45: TOTAL | B45: - | C45: =IF(ISERROR(SUM(C43:C44)),"",SUM(C43:C44)) -> 4959006 | D45: - | E45: =IF(ISERROR(E43+E44),"",E43+E44) -> 4954932.8
A47: Checks3
A48: Change in Fixed Rate | B48: =IF(ISERROR(D43-C38),"",D43-C38) -> 3.41
A49: Difference Between Revenues @ Proposed Rates and Class Specific Revenue Requirement | B49: =IF(ISERROR((D43*12*B17)+(D44*B18)-B20),"",(D43*12*B17)+(D44*B18)-B20) -> -4073.1523
B50: =IF(ISERROR(B49/B20), "", B49/B20) -> -0.00082136467
A52: Notes:
A54: 1 The final residential class specific revenue requirement, as shown in Appendix 2-P, should be used (i.e. the revenue requirement after any proposed adjustments to R/C ratios).
A57: 2 Default number of transition years for rate design policy change is 4. Where the change in the residential rate design will result in the fixed charge increasing by more than $4/year, a distributor may propose an additional transition year.
A60: 3 Change in fixed rate due to rate design policy should be less than $4. The difference between the proposed class revenue requirement and the revenue at calculated base rates should be minimal (i.e. should be reasonably considered as a rounding error)

Sheet App.2-PA_Res_Rate_Design_18
A9: January 1 2018 Adjustment (Filing Requirements Appendix 2-PA)
A10: New Rate Design Policy For Residential Customers
A14: A) Data Inputs
A16: Test Year Billing Determinants for Residential Class
A17: Customers | B17: 13785
A18: kWh | B18: 126660107
A20: Proposed Residential Class Specific Revenue Requirement1 | B20: ='App.2-PA_Res_Rate_Design_17'!B20 -> 4959006
A22: Residential Base Rates on Current Tariff
A23: Monthly Fixed Charge ($) | B23: 12.98
A24: Distribution Volumetric Rate ($/kWh) | B24: 0.0222
B25: .
A26: B) Current Fixed/Variable Split
B28: Base Rates | C28: Billing Determinants | D28: Revenue | E28: % of Total Revenue
A29: Fixed | B29: ='App.2-PA_Res_Rate_Design_17'!D43 -> 19.77 | C29: =IF(B17="","",B17) -> 13785 | D29: =IF(ISERROR(B29*C29*12),"",B29*C29*12) -> 3270353.4 | E29: =IF(ISERROR(D29/D31),"",D29/D31) -> 0.66001973
A30: Variable | B30: ='App.2-PA_Res_Rate_Design_17'!D44 -> 0.0133 | C30: =IF(B18="","",B18) -> 126660107 | D30: =IF(ISERROR(B30*C30),"",B30*C30) -> 1684579.4 | E30: =IF(ISERROR(D30/D31),"",D30/D31) -> 0.33998027
A31: TOTAL | B31: - | C31: - | D31: =IF(ISERROR(D29+D30),"",D29+D30) -> 4954932.8 | E31: -
A33: C) Calculating Test Year Base Rates
A35: Number of Required Rate Design Policy Transition Years2 | B35: ='App.2-PA_Res_Rate_Design_17'!B35-1 -> 3
B37: Test Year Revenue @ Current F/V Split | C37: Test Year Base Rates @ Current F/V Split | D37: Reconciliation - Test Year Base Rates @ Current F/V Split
A38: Fixed | B38: =IF(ISERROR(B$20*E29),"",B$20*E29) -> 3273041.8 | C38: =IF(ISERROR(ROUND(B38/B17/12,2)),"",ROUND(B38/B17/12,2)) -> 19.79 | D38: =IF(ISERROR(C38*B17*12),"",C38*B17*12) -> 3273661.8
A39: Variable | B39: =IF(ISERROR(B$20*E30),"",B$20*E30) -> 1685964.2 | C39: =IF(ISERROR(ROUND(B39/B18,4)),"",ROUND(B39/B18,4)) -> 0.0133 | D39: =IF(ISERROR(C39*B18),"",C39*B18) -> 1684579.4
A40: TOTAL | B40: =IF(ISERROR(B38+B39),"",B38+B39) -> 4959006 | C40: - | D40: =IF(ISERROR(D38+D39),"",D38+D39) -> 4958241.2
B42: New F/V Split | C42: Revenue @ new F/V Split | D42: Final Adjusted Base Rates | E42: Revenue Reconciliation @ Adjusted Rates
A43: Fixed | B43: =IF(ISERROR(((1-E29)/B35)+E29),"",((1-E29)/B35)+E29) -> 0.77334648 | C43: =IF(ISERROR(B43*B$20),"",B43*B$20) -> 3835029.8 | D43: =IF(ISERROR(ROUND(C43/B17/12,2)),"",ROUND(C43/B17/12,2)) -> 23.18 | E43: =IF(ISERROR(D43*12*B17),"",D43*12*B17) -> 3834435.6
A44: Variable | B44: =IF(ISERROR(1-B43),"",1-B43) -> 0.22665352 | C44: =IF(ISERROR(B44*B$20),"",B44*B$20) -> 1123976.1 | D44: =IF(ISERROR(ROUND(C44/B18,4)),"",ROUND(C44/B18,4)) -> 0.0089 | E44: =IF(ISERROR(D44*B18),"",D44*B18) -> 1127275
A45: TOTAL | B45: - | C45: =IF(ISERROR(SUM(C43:C44)),"",SUM(C43:C44)) -> 4959006 | D45: - | E45: =IF(ISERROR(E43+E44),"",E43+E44) -> 4961710.6
A47: Checks3
A48: Change in Fixed Rate | B48: =IF(ISERROR(D43-C38),"",D43-C38) -> 3.39
A49: Difference Between Revenues @ Proposed Rates and Class Specific Revenue Requirement | B49: =IF(ISERROR((D43*12*B17)+(D44*B18)-B20),"",(D43*12*B17)+(D44*B18)-B20) -> 2704.5769
B50: =IF(ISERROR(B49/B20), "", B49/B20) -> 0.0005453869
A52: Notes:
A54: 1 The final residential class specific revenue requirement, as shown in Appendix 2-P, should be used (i.e. the revenue requirement after any proposed adjustments to R/C ratios).
A57: 2 Default number of transition years for rate design policy change is 4. Where the change in the residential rate design will result in the fixed charge increasing by more than $4/year, a distributor may propose an additional transition year.
A60: 3 Change in fixed rate due to rate design policy should be less than $4. The difference between the proposed class revenue requirement and the revenue at calculated base rates should be minimal (i.e. should be reasonably considered as a rounding error)

Sheet App.2-PA_Res_Rate_Design_19
A9: January 1 2019 Adjustment (Filing Requirements Appendix 2-PA)
A10: New Rate Design Policy For Residential Customers
A14: A) Data Inputs
A16: Test Year Billing Determinants for Residential Class
A17: Customers | B17: 13785
A18: kWh | B18: 126660107
A20: Proposed Residential Class Specific Revenue Requirement1 | B20: ='App.2-PA_Res_Rate_Design_18'!B20 -> 4959006
A22: Residential Base Rates on Current Tariff
A23: Monthly Fixed Charge ($) | B23: 12.98
A24: Distribution Volumetric Rate ($/kWh) | B24: 0.0222
B25: .
A26: B) Current Fixed/Variable Split
B28: Base Rates | C28: Billing Determinants | D28: Revenue | E28: % of Total Revenue
A29: Fixed | B29: ='App.2-PA_Res_Rate_Design_18'!D43 -> 23.18 | C29: =IF(B17="","",B17) -> 13785 | D29: =IF(ISERROR(B29*C29*12),"",B29*C29*12) -> 3834435.6 | E29: =IF(ISERROR(D29/D31),"",D29/D31) -> 0.77280518
A30: Variable | B30: ='App.2-PA_Res_Rate_Design_18'!D44 -> 0.0089 | C30: =IF(B18="","",B18) -> 126660107 | D30: =IF(ISERROR(B30*C30),"",B30*C30) -> 1127275 | E30: =IF(ISERROR(D30/D31),"",D30/D31) -> 0.22719482
A31: TOTAL | B31: - | C31: - | D31: =IF(ISERROR(D29+D30),"",D29+D30) -> 4961710.6 | E31: -
A33: C) Calculating Test Year Base Rates
A35: Number of Required Rate Design Policy Transition Years2 | B35: ='App.2-PA_Res_Rate_Design_18'!B35-1 -> 2
B37: Test Year Revenue @ Current F/V Split | C37: Test Year Base Rates @ Current F/V Split | D37: Reconciliation - Test Year Base Rates @ Current F/V Split
A38: Fixed | B38: =IF(ISERROR(B$20*E29),"",B$20*E29) -> 3832345.5 | C38: =IF(ISERROR(ROUND(B38/B17/12,2)),"",ROUND(B38/B17/12,2)) -> 23.17 | D38: =IF(ISERROR(C38*B17*12),"",C38*B17*12) -> 3832781.4
A39: Variable | B39: =IF(ISERROR(B$20*E30),"",B$20*E30) -> 1126660.5 | C39: =IF(ISERROR(ROUND(B39/B18,4)),"",ROUND(B39/B18,4)) -> 0.0089 | D39: =IF(ISERROR(C39*B18),"",C39*B18) -> 1127275
A40: TOTAL | B40: =IF(ISERROR(B38+B39),"",B38+B39) -> 4959006 | C40: - | D40: =IF(ISERROR(D38+D39),"",D38+D39) -> 4960056.4
B42: New F/V Split | C42: Revenue @ new F/V Split | D42: Final Adjusted Base Rates | E42: Revenue Reconciliation @ Adjusted Rates
A43: Fixed | B43: =IF(ISERROR(((1-E29)/B35)+E29),"",((1-E29)/B35)+E29) -> 0.88640259 | C43: =IF(ISERROR(B43*B$20),"",B43*B$20) -> 4395675.7 | D43: =IF(ISERROR(ROUND(C43/B17/12,2)),"",ROUND(C43/B17/12,2)) -> 26.57 | E43: =IF(ISERROR(D43*12*B17),"",D43*12*B17) -> 4395209.4
A44: Variable | B44: =IF(ISERROR(1-B43),"",1-B43) -> 0.11359741 | C44: =IF(ISERROR(B44*B$20),"",B44*B$20) -> 563330.24 | D44: =IF(ISERROR(ROUND(C44/B18,4)),"",ROUND(C44/B18,4)) -> 0.0044 | E44: =IF(ISERROR(D44*B18),"",D44*B18) -> 557304.47
A45: TOTAL | B45: - | C45: =IF(ISERROR(SUM(C43:C44)),"",SUM(C43:C44)) -> 4959006 | D45: - | E45: =IF(ISERROR(E43+E44),"",E43+E44) -> 4952513.9
A47: Checks3
A48: Change in Fixed Rate | B48: =IF(ISERROR(D43-C38),"",D43-C38) -> 3.4
A49: Difference Between Revenues @ Proposed Rates and Class Specific Revenue Requirement | B49: =IF(ISERROR((D43*12*B17)+(D44*B18)-B20),"",(D43*12*B17)+(D44*B18)-B20) -> -6492.1046
B50: =IF(ISERROR(B49/B20), "", B49/B20) -> -0.0013091544
A52: Notes:
A54: 1 The final residential class specific revenue requirement, as shown in Appendix 2-P, should be used (i.e. the revenue requirement after any proposed adjustments to R/C ratios).
A57: 2 Default number of transition years for rate design policy change is 4. Where the change in the residential rate design will result in the fixed charge increasing by more than $4/year, a distributor may propose an additional transition year.
A60: 3 Change in fixed rate due to rate design policy should be less than $4. The difference between the proposed class revenue requirement and the revenue at calculated base rates should be minimal (i.e. should be reasonably considered as a rounding error)

Sheet App.2PA_Res_Rate_Design_20
A9: January 1 2020 Adjustment (Filing Requirements Appendix 2-PA)
A10: New Rate Design Policy For Residential Customers
A14: A) Data Inputs
A16: Test Year Billing Determinants for Residential Class
A17: Customers | B17: 13785
A18: kWh | B18: 126660107
A20: Proposed Residential Class Specific Revenue Requirement1 | B20: ='App.2-PA_Res_Rate_Design_19'!B20 -> 4959006
A22: Residential Base Rates on Current Tariff
A23: Monthly Fixed Charge ($) | B23: 12.98
A24: Distribution Volumetric Rate ($/kWh) | B24: 0.0222
B25: .
A26: B) Current Fixed/Variable Split
B28: Base Rates | C28: Billing Determinants | D28: Revenue | E28: % of Total Revenue
A29: Fixed | B29: ='App.2-PA_Res_Rate_Design_19'!D43 -> 26.57 | C29: =IF(B17="","",B17) -> 13785 | D29: =IF(ISERROR(B29*C29*12),"",B29*C29*12) -> 4395209.4 | E29: =IF(ISERROR(D29/D31),"",D29/D31) -> 0.88747039
A30: Variable | B30: ='App.2-PA_Res_Rate_Design_19'!D44 -> 0.0044 | C30: =IF(B18="","",B18) -> 126660107 | D30: =IF(ISERROR(B30*C30),"",B30*C30) -> 557304.47 | E30: =IF(ISERROR(D30/D31),"",D30/D31) -> 0.11252961
A31: TOTAL | B31: - | C31: - | D31: =IF(ISERROR(D29+D30),"",D29+D30) -> 4952513.9 | E31: -
A33: C) Calculating Test Year Base Rates
A35: Number of Required Rate Design Policy Transition Years2 | B35: ='App.2-PA_Res_Rate_Design_19'!B35-1 -> 1
B37: Test Year Revenue @ Current F/V Split | C37: Test Year Base Rates @ Current F/V Split | D37: Reconciliation - Test Year Base Rates @ Current F/V Split
A38: Fixed | B38: =IF(ISERROR(B$20*E29),"",B$20*E29) -> 4400971 | C38: =IF(ISERROR(ROUND(B38/B17/12,2)),"",ROUND(B38/B17/12,2)) -> 26.6 | D38: =IF(ISERROR(C38*B17*12),"",C38*B17*12) -> 4400172
A39: Variable | B39: =IF(ISERROR(B$20*E30),"",B$20*E30) -> 558035.02 | C39: =IF(ISERROR(ROUND(B39/B18,4)),"",ROUND(B39/B18,4)) -> 0.0044 | D39: =IF(ISERROR(C39*B18),"",C39*B18) -> 557304.47
A40: TOTAL | B40: =IF(ISERROR(B38+B39),"",B38+B39) -> 4959006 | C40: - | D40: =IF(ISERROR(D38+D39),"",D38+D39) -> 4957476.5
B42: New F/V Split | C42: Revenue @ new F/V Split | D42: Final Adjusted Base Rates | E42: Revenue Reconciliation @ Adjusted Rates
A43: Fixed | B43: =IF(ISERROR(((1-E29)/B35)+E29),"",((1-E29)/B35)+E29) -> 1 | C43: =IF(ISERROR(B43*B$20),"",B43*B$20) -> 4959006 | D43: =IF(ISERROR(ROUND(C43/B17/12,2)),"",ROUND(C43/B17/12,2)) -> 29.98 | E43: =IF(ISERROR(D43*12*B17),"",D43*12*B17) -> 4959291.6
A44: Variable | B44: =IF(ISERROR(1-B43),"",1-B43) -> 0 | C44: =IF(ISERROR(B44*B$20),"",B44*B$20) -> 0 | D44: =IF(ISERROR(ROUND(C44/B18,4)),"",ROUND(C44/B18,4)) -> 0 | E44: =IF(ISERROR(D44*B18),"",D44*B18) -> 0
A45: TOTAL | B45: - | C45: =IF(ISERROR(SUM(C43:C44)),"",SUM(C43:C44)) -> 4959006 | D45: - | E45: =IF(ISERROR(E43+E44),"",E43+E44) -> 4959291.6
A47: Checks3
A48: Change in Fixed Rate | B48: =IF(ISERROR(D43-C38),"",D43-C38) -> 3.38
A49: Difference Between Revenues @ Proposed Rates and Class Specific Revenue Requirement | B49: =IF(ISERROR((D43*12*B17)+(D44*B18)-B20),"",(D43*12*B17)+(D44*B18)-B20) -> 285.6246
B50: =IF(ISERROR(B49/B20), "", B49/B20) -> 5.7597148e-05
A52: Notes:
A54: 1 The final residential class specific revenue requirement, as shown in Appendix 2-P, should be used (i.e. the revenue requirement after any proposed adjustments to R/C ratios).
A57: 2 Default number of transition years for rate design policy change is 4. Where the change in the residential rate design will result in the fixed charge increasing by more than $4/year, a distributor may propose an additional transition year.
A60: 3 Change in fixed rate due to rate design policy should be less than $4. The difference between the proposed class revenue requirement and the revenue at calculated base rates should be minimal (i.e. should be reasonably considered as a rounding error)

Sheet 2016 Bill Impact
A7: Woodstock Residential Customer Class TOU
A9: Consumption kWh | C9: 285
A10: Loss Adjustment Factor | C10: 1.0431
C12: Approved Oct 31 2015 | G12: Proposed January 1 2016 | K12: Impact
C13: Rate ($) | D13: Volume | E13: Charge ($) | G13: Rate ($) | H13: Volume | I13: Charge ($) | K13: Charge ($) | L13: % Change
A14: Monthly Service Charge | B14: Monthly | C14: 12.98 | D14: 1 | E14: =C14*D14 -> 12.98 | G14: ='App.2-PA_Res_Rate_Design_16'!D43 -> 16.38 | H14: 1 | I14: =G14*H14 -> 16.38 | K14: =I14-E14 -> 3.4 | L14: =IF(I14-E14=0, " 0.00%", I14/E14-1) -> 0.26194145
A15: Rate Rider per Hydro One Networks' Acquisition Agreement | B15: Monthly | C15: -0.13 | D15: 1 | E15: =C15*D15 -> -0.13 | G15: =-G14*0.01 -> -0.1638 | H15: 1 | I15: =G15*H15 -> -0.1638 | K15: =I15-E15 -> -0.0338 | L15: =IF(I15-E15=0, " 0.00%", I15/E15-1) -> 0.26
A16: Rate Rider for Recovery of Smart Meter Incremental Revenue Requirements | B16: Monthly | C16: 0.64 | D16: 1 | E16: =C16*D16 -> 0.64 | G16: 0.64 | H16: 1 | I16: =G16*H16 -> 0.64 | K16: =I16-E16 -> 0 | L16: =IF(I16-E16=0, " 0.00%", I16/E16-1) -> 0.00%
A17: Distribution Volumetric Rate | B17: per kWh | C17: 0.0222 | D17: =$C$9 -> 285 | E17: =C17*D17 -> 6.327 | G17: ='App.2-PA_Res_Rate_Design_16'!D44 -> 0.0178 | H17: =$C$9 -> 285 | I17: =G17*H17 -> 5.073 | K17: =I17-E17 -> -1.254 | L17: =IF(I17-E17=0, " 0.00%", I17/E17-1) -> -0.1981982
A18: Rate Rider per Hydro One Networks' Acquisition Agreement | B18: per kWh | C18: -0.0002 | D18: =$C$9 -> 285 | E18: =C18*D18 -> -0.057 | G18: =ROUND(-G17*0.01,4) -> -0.0002 | H18: =$C$9 -> 285 | I18: =G18*H18 -> -0.057 | K18: =I18-E18 -> 0 | L18: =IF(I18-E18=0, " 0.00%", I18/E18-1) -> 0.00%
A19: Rate Rider for Recovery of Incremental Capital | B19: per kWh | C19: 0.0008 | D19: =$C$9 -> 285 | E19: =C19*D19 -> 0.228 | G19: 0.0008 | H19: =$C$9 -> 285 | I19: =G19*H19 -> 0.228 | K19: =I19-E19 -> 0 | L19: =IF(I19-E19=0, " 0.00%", I19/E19-1) -> 0.00%
A20: Sub-Total A (excluding pass through) | E20: =SUM(E14:E19) -> 19.988 | I20: =SUM(I14:I19) -> 22.1002 | K20: =I20-E20 -> 2.1122 | L20: =IF(I20-E20=0, " 0.00%", I20/E20-1) -> 0.1056734
A21: Line Losses on Cost of Power | B21: per kWh | C21: =C31*0.64+C32*0.18+C33*0.18 -> 0.10214 | D21: =($C$9*$C$10)-$C$9 -> 12.2835 | E21: =C21*D21 -> 1.2546367 | G21: =G31*0.64+G32*0.18+G33*0.18 -> 0.10214 | H21: =($C$9*$C$10)-$C$9 -> 12.2835 | I21: =G21*H21 -> 1.2546367 | K21: =I21-E21 -> 0 | L21: =IF(I21-E21=0, " 0.00%", I21/E21-1) -> 0.00%
A22: Total Deferral/Variance Account Rate Riders | B22: per kWh | C22: 0 | D22: 0 | E22: 0 | G22: 0 | H22: 0 | I22: 0 | K22: =I22-E22 -> 0 | L22: =IF(I22-E22=0, " 0.00%", I22/E22-1) -> 0.00%
A23: Smart Meter Entity Charge | B23: Monthly | C23: 0.79 | D23: 1 | E23: =C23*D23 -> 0.79 | G23: 0.79 | H23: 1 | I23: =G23*H23 -> 0.79 | K23: =I23-E23 -> 0 | L23: =IF(I23-E23=0, " 0.00%", I23/E23-1) -> 0.00%
A24: Sub-Total B - Distribution (includes Sub-Total A) | E24: =SUM(E20:E23) -> 22.032637 | I24: =SUM(I20:I23) -> 24.144837 | K24: =I24-E24 -> 2.1122 | L24: =IF(I24-E24=0, " 0.00%", I24/E24-1) -> 0.095866874
A25: RTSR - Network | B25: per kWh | C25: 0.0075 | D25: =$C$9*$C$10 -> 297.2835 | E25: =C25*D25 -> 2.2296262 | G25: 0.0075 | H25: =$C$9*$C$10 -> 297.2835 | I25: =G25*H25 -> 2.2296262 | K25: =I25-E25 -> 0 | L25: =IF(I25-E25=0, " 0.00%", I25/E25-1) -> 0.00%
A26: RTSR - Connection and/or Line and Transformation Connection | B26: per kWh | C26: 0.0054 | D26: =$C$9*$C$10 -> 297.2835 | E26: =C26*D26 -> 1.6053309 | G26: 0.0054 | H26: =$C$9*$C$10 -> 297.2835 | I26: =G26*H26 -> 1.6053309 | K26: =I26-E26 -> 0 | L26: =IF(I26-E26=0, " 0.00%", I26/E26-1) -> 0.00%
A27: Sub-Total C - Delivery (including Sub-Total B) | E27: =SUM(E24:E26) -> 25.867594 | I27: =SUM(I24:I26) -> 27.979794 | K27: =I27-E27 -> 2.1122 | L27: =IF(I27-E27=0, " 0.00%", I27/E27-1) -> 0.08165429
A28: Wholesale Market Service Charge (WMSC) | B28: per kWh | C28: 0.0044 | D28: =$C$9*$C$10 -> 297.2835 | E28: =C28*D28 -> 1.3080474 | G28: 0.0044 | H28: =$C$9*$C$10 -> 297.2835 | I28: =G28*H28 -> 1.3080474 | K28: =I28-E28 -> 0 | L28: =IF(I28-E28=0, " 0.00%", I28/E28-1) -> 0.00%
A29: Rural and Remote Rate Protection (RRRP) | B29: per kWh | C29: 0.0013 | D29: =$C$9*$C$10 -> 297.2835 | E29: =C29*D29 -> 0.38646855 | G29: 0.0013 | H29: =$C$9*$C$10 -> 297.2835 | I29: =G29*H29 -> 0.38646855 | K29: =I29-E29 -> 0 | L29: =IF(I29-E29=0, " 0.00%", I29/E29-1) -> 0.00%
A30: Standard Supply Service Charge | B30: Monthly | C30: 0.25 | D30: 1 | E30: =C30*D30 -> 0.25 | G30: 0.25 | H30: 1 | I30: =G30*H30 -> 0.25 | K30: =I30-E30 -> 0 | L30: =IF(I30-E30=0, " 0.00%", I30/E30-1) -> 0.00%
A31: TOU - Off Peak | B31: per kWh | C31: 0.08 | D31: =$C$9*0.64 -> 182.4 | E31: =C31*D31 -> 14.592 | G31: 0.08 | H31: =$C$9*0.64 -> 182.4 | I31: =G31*H31 -> 14.592 | K31: =I31-E31 -> 0 | L31: =IF(I31-E31=0, " 0.00%", I31/E31-1) -> 0.00%
A32: TOU - Mid Peak | B32: per kWh | C32: 0.122 | D32: =$C$9*0.18 -> 51.3 | E32: =C32*D32 -> 6.2586 | G32: 0.122 | H32: =$C$9*0.18 -> 51.3 | I32: =G32*H32 -> 6.2586 | K32: =I32-E32 -> 0 | L32: =IF(I32-E32=0, " 0.00%", I32/E32-1) -> 0.00%
A33: TOU - On Peak | B33: per kWh | C33: 0.161 | D33: =$C$9*0.18 -> 51.3 | E33: =C33*D33 -> 8.2593 | G33: 0.161 | H33: =$C$9*0.18 -> 51.3 | I33: =G33*H33 -> 8.2593 | K33: =I33-E33 -> 0 | L33: =IF(I33-E33=0, " 0.00%", I33/E33-1) -> 0.00%
A35: Total Bill on TOU (before Taxes) | E35: =SUM(E27:E33) -> 56.92201 | I35: =SUM(I27:I33) -> 59.03421 | K35: =I35-E35 -> 2.1122 | L35: =IF(I35-E35=0, " 0.00%", I35/E35-1) -> 0.037106912
A36: HST | C36: 0.13 | E36: =E35*C36 -> 7.3998613 | G36: 0.13 | I36: =I35*G36 -> 7.6744473 | K36: =I36-E36 -> 0.274586 | L36: =IF(I36-E36=0, " 0.00%", I36/E36-1) -> 0.037106912
A37: Total Bill (including HST) | E37: =E35+E36 -> 64.321871 | I37: =I35+I36 -> 66.708657 | K37: =I37-E37 -> 2.386786 | L37: =I37/E37-1 -> 0.037106912
E38: 0 | I38: 0 | K38: =I38-E38 -> 0 | L38: 0
A39: Total Bill Including HST | E39: =E37+E38 -> 64.321871 | I39: =I37+I38 -> 66.708657 | K39: =I39-E39 -> 2.386786 | L39: =IF(I39-E39=0, " 0.00%", I39/E39-1) -> 0.037106912
A43: Woodstock Residential Customer Class TOU
A45: Consumption kWh | C45: 800
A46: Loss Adjustment Factor | C46: 1.0431
C48: Approved Oct 31 2015 | G48: Proposed January 1 2016 | K48: Impact
C49: Rate ($) | D49: Volume | E49: Charge ($) | G49: Rate ($) | H49: Volume | I49: Charge ($) | K49: $ Change | L49: % Change
A50: Monthly Service Charge | B50: Monthly | C50: 12.98 | D50: 1 | E50: =C50*D50 -> 12.98 | G50: =G14 -> 16.38 | H50: 1 | I50: =G50*H50 -> 16.38 | K50: =I50-E50 -> 3.4 | L50: =IF(I50-E50=0, " 0.00%", I50/E50-1) -> 0.26194145
A51: Rate Rider per Hydro One Networks' Acquisition Agreement | B51: Monthly | C51: -0.13 | D51: 1 | E51: =C51*D51 -> -0.13 | G51: =G15 -> -0.1638 | H51: 1 | I51: =G51*H51 -> -0.1638 | K51: =I51-E51 -> -0.0338 | L51: =IF(I51-E51=0, " 0.00%", I51/E51-1) -> 0.26
A52: Rate Rider for Recovery of Smart Meter Incremental Revenue Requirements | B52: Monthly | C52: 0.64 | D52: 1 | E52: =C52*D52 -> 0.64 | G52: =G16 -> 0.64 | H52: 1 | I52: =G52*H52 -> 0.64 | K52: =I52-E52 -> 0 | L52: =IF(I52-E52=0, " 0.00%", I52/E52-1) -> 0.00%
A53: Distribution Volumetric Rate | B53: per kWh | C53: =C17 -> 0.0222 | D53: =$C$45 -> 800 | E53: =C53*D53 -> 17.76 | G53: =G17 -> 0.0178 | H53: =$C$45 -> 800 | I53: =G53*H53 -> 14.24 | K53: =I53-E53 -> -3.52 | L53: =IF(I53-E53=0, " 0.00%", I53/E53-1) -> -0.1981982
A54: Rate Rider per Hydro One Networks' Acquisition Agreement | B54: per kWh | C54: =C18 -> -0.0002 | D54: =$C$45 -> 800 | E54: =C54*D54 -> -0.16 | G54: =G18 -> -0.0002 | H54: =$C$45 -> 800 | I54: =G54*H54 -> -0.16 | K54: =I54-E54 -> 0 | L54: =IF(I54-E54=0, " 0.00%", I54/E54-1) -> 0.00%
A55: Rate Rider for Recovery of Incremental Capital | B55: per kWh | C55: 0.0008 | D55: =$C$45 -> 800 | E55: =C55*D55 -> 0.64 | G55: =G19 -> 0.0008 | H55: =$C$45 -> 800 | I55: =G55*H55 -> 0.64 | K55: =I55-E55 -> 0 | L55: =IF(I55-E55=0, " 0.00%", I55/E55-1) -> 0.00%
A56: Sub-Total A (excluding pass through) | E56: =SUM(E50:E55) -> 31.73 | G56: =G20 -> 0 | I56: =SUM(I50:I55) -> 31.5762 | K56: =I56-E56 -> -0.1538 | L56: =IF(I56-E56=0, " 0.00%", I56/E56-1) -> -0.0048471478
A57: Line Losses on Cost of Power | B57: per kWh | C57: =C67*0.64+C68*0.18+C69*0.18 -> 0.10214 | D57: =($C$45*$C$46)-$C$45 -> 34.48 | E57: =C57*D57 -> 3.5217872 | G57: =G21 -> 0.10214 | H57: =($C$45*$C$46)-$C$45 -> 34.48 | I57: =G57*H57 -> 3.5217872 | K57: =I57-E57 -> 0 | L57: =IF(I57-E57=0, " 0.00%", I57/E57-1) -> 0.00%
A58: Total Deferral/Variance Account Rate Riders | B58: per kWh | C58: 0 | D58: 0 | E58: 0 | G58: =G22 -> 0 | H58: 0 | I58: 0 | K58: =I58-E58 -> 0 | L58: =IF(I58-E58=0, " 0.00%", I58/E58-1) -> 0.00%
A59: Smart Meter Entity Charge | B59: Monthly | C59: 0.79 | D59: 1 | E59: =C59*D59 -> 0.79 | G59: =G23 -> 0.79 | H59: 1 | I59: =G59*H59 -> 0.79 | K59: =I59-E59 -> 0 | L59: =IF(I59-E59=0, " 0.00%", I59/E59-1) -> 0.00%
A60: Sub-Total B - Distribution (includes Sub-Total A) | E60: =SUM(E56:E59) -> 36.041787 | G60: =G24 -> 0 | I60: =SUM(I56:I59) -> 35.887987 | K60: =I60-E60 -> -0.1538 | L60: =IF(I60-E60=0, " 0.00%", I60/E60-1) -> -0.004267269
A61: RTSR - Network | B61: per kWh | C61: 0.0075 | D61: =$C$45*$C$46 -> 834.48 | E61: =C61*D61 -> 6.2586 | G61: =G25 -> 0.0075 | H61: =$C$45*$C$46 -> 834.48 | I61: =G61*H61 -> 6.2586 | K61: =I61-E61 -> 0 | L61: =IF(I61-E61=0, " 0.00%", I61/E61-1) -> 0.00%
A62: RTSR - Connection and/or Line and Transformation Connection | B62: per kWh | C62: 0.0054 | D62: =$C$45*$C$46 -> 834.48 | E62: =C62*D62 -> 4.506192 | G62: =G26 -> 0.0054 | H62: =$C$45*$C$46 -> 834.48 | I62: =G62*H62 -> 4.506192 | K62: =I62-E62 -> 0 | L62: =IF(I62-E62=0, " 0.00%", I62/E62-1) -> 0.00%
A63: Sub-Total C - Delivery (including Sub-Total B) | E63: =SUM(E60:E62) -> 46.806579 | G63: =G27 -> 0 | I63: =SUM(I60:I62) -> 46.652779 | K63: =I63-E63 -> -0.1538 | L63: =IF(I63-E63=0, " 0.00%", I63/E63-1) -> -0.0032858629
A64: Wholesale Market Service Charge (WMSC) | B64: per kWh | C64: 0.0044 | D64: =$C$45*$C$46 -> 834.48 | E64: =C64*D64 -> 3.671712 | G64: =G28 -> 0.0044 | H64: =$C$45*$C$46 -> 834.48 | I64: =G64*H64 -> 3.671712 | K64: =I64-E64 -> 0 | L64: =IF(I64-E64=0, " 0.00%", I64/E64-1) -> 0.00%
A65: Rural and Remote Rate Protection (RRRP) | B65: per kWh | C65: 0.0013 | D65: =$C$45*$C$46 -> 834.48 | E65: =C65*D65 -> 1.084824 | G65: =G29 -> 0.0013 | H65: =$C$45*$C$46 -> 834.48 | I65: =G65*H65 -> 1.084824 | K65: =I65-E65 -> 0 | L65: =IF(I65-E65=0, " 0.00%", I65/E65-1) -> 0.00%
A66: Standard Supply Service Charge | B66: Monthly | C66: 0.25 | D66: 1 | E66: =C66*D66 -> 0.25 | G66: =G30 -> 0.25 | H66: 1 | I66: =G66*H66 -> 0.25 | K66: =I66-E66 -> 0 | L66: =IF(I66-E66=0, " 0.00%", I66/E66-1) -> 0.00%
A67: TOU - Off Peak | B67: per kWh | C67: 0.08 | D67: =$C$45*0.64 -> 512 | E67: =C67*D67 -> 40.96 | G67: =G31 -> 0.08 | H67: =$C$45*0.64 -> 512 | I67: =G67*H67 -> 40.96 | K67: =I67-E67 -> 0 | L67: =IF(I67-E67=0, " 0.00%", I67/E67-1) -> 0.00%
A68: TOU - Mid Peak | B68: per kWh | C68: 0.122 | D68: =$C$45*0.18 -> 144 | E68: =C68*D68 -> 17.568 | G68: =G32 -> 0.122 | H68: =$C$45*0.18 -> 144 | I68: =G68*H68 -> 17.568 | K68: =I68-E68 -> 0 | L68: =IF(I68-E68=0, " 0.00%", I68/E68-1) -> 0.00%
A69: TOU - On Peak | B69: per kWh | C69: 0.161 | D69: =$C$45*0.18 -> 144 | E69: =C69*D69 -> 23.184 | G69: =G33 -> 0.161 | H69: =$C$45*0.18 -> 144 | I69: =G69*H69 -> 23.184 | K69: =I69-E69 -> 0 | L69: =IF(I69-E69=0, " 0.00%", I69/E69-1) -> 0.00%
A71: Total Bill on TOU (before Taxes) | E71: =SUM(E63:E69) -> 133.52512 | I71: =SUM(I63:I69) -> 133.37132 | K71: =I71-E71 -> -0.1538 | L71: =IF(I71-E71=0, " 0.00%", I71/E71-1) -> -0.0011518432
A72: HST | C72: 0.13 | E72: =E71*C72 -> 17.358265 | G72: 0.13 | I72: =I71*G72 -> 17.338271 | K72: =I72-E72 -> -0.019994 | L72: =IF(I72-E72=0, " 0.00%", I72/E72-1) -> -0.0011518432
A73: Total Bill (including HST) | E73: =E71+E72 -> 150.88338 | I73: =I71+I72 -> 150.70959 | K73: =I73-E73 -> -0.173794 | L73: =I73/E73-1 -> -0.0011518432
E74: 0 | I74: 0 | K74: =I74-E74 -> 0 | L74: 0
A75: Total Bill Including HST | E75: =E73+E74 -> 150.88338 | I75: =I73+I74 -> 150.70959 | K75: =I75-E75 -> -0.173794 | L75: =IF(I75-E75=0, " 0.00%", I75/E75-1) -> -0.0011518432
A79: Woodstock Residential Customer Class TOU
A81: Consumption kWh | C81: 1500
A82: Loss Adjustment Factor | C82: 1.0431
C84: Approved Oct 31 2015 | G84: Proposed January 1 2016 | K84: Impact
C85: Rate ($) | D85: Volume | E85: Charge ($) | G85: Rate ($) | H85: Volume | I85: Charge ($) | K85: $ Change | L85: % Change
A86: Monthly Service Charge | B86: Monthly | C86: 12.98 | D86: 1 | E86: =C86*D86 -> 12.98 | G86: =G50 -> 16.38 | H86: 1 | I86: =G86*H86 -> 16.38 | K86: =I86-E86 -> 3.4 | L86: =IF(I86-E86=0, " 0.00%", I86/E86-1) -> 0.26194145
A87: Rate Rider per Hydro One Networks' Acquisition Agreement | B87: Monthly | C87: -0.13 | D87: 1 | E87: =C87*D87 -> -0.13 | G87: =G51 -> -0.1638 | H87: 1 | I87: =G87*H87 -> -0.1638 | K87: =I87-E87 -> -0.0338 | L87: =IF(I87-E87=0, " 0.00%", I87/E87-1) -> 0.26
A88: Rate Rider for Recovery of Smart Meter Incremental Revenue Requirements | B88: Monthly | C88: 0.64 | D88: 1 | E88: =C88*D88 -> 0.64 | G88: =G52 -> 0.64 | H88: 1 | I88: =G88*H88 -> 0.64 | K88: =I88-E88 -> 0 | L88: =IF(I88-E88=0, " 0.00%", I88/E88-1) -> 0.00%
A89: Distribution Volumetric Rate | B89: per kWh | C89: =C53 -> 0.0222 | D89: =$C$81 -> 1500 | E89: =C89*D89 -> 33.3 | G89: =G53 -> 0.0178 | H89: =$C$81 -> 1500 | I89: =G89*H89 -> 26.7 | K89: =I89-E89 -> -6.6 | L89: =IF(I89-E89=0, " 0.00%", I89/E89-1) -> -0.1981982
A90: Rate Rider per Hydro One Networks' Acquisition Agreement | B90: per kWh | C90: =C54 -> -0.0002 | D90: =$C$81 -> 1500 | E90: =C90*D90 -> -0.3 | G90: =G54 -> -0.0002 | H90: =$C$81 -> 1500 | I90: =G90*H90 -> -0.3 | K90: =I90-E90 -> 0 | L90: =IF(I90-E90=0, " 0.00%", I90/E90-1) -> 0.00%
A91: Rate Rider for Recovery of Incremental Capital | B91: per kWh | C91: 0.0008 | D91: =$C$81 -> 1500 | E91: =C91*D91 -> 1.2 | G91: =G55 -> 0.0008 | H91: =$C$81 -> 1500 | I91: =G91*H91 -> 1.2 | K91: =I91-E91 -> 0 | L91: =IF(I91-E91=0, " 0.00%", I91/E91-1) -> 0.00%
A92: Sub-Total A (excluding pass through) | E92: =SUM(E86:E91) -> 47.69 | I92: =SUM(I86:I91) -> 44.4562 | K92: =I92-E92 -> -3.2338 | L92: =IF(I92-E92=0, " 0.00%", I92/E92-1) -> -0.067808765
A93: Line Losses on Cost of Power | B93: per kWh | C93: =C103*0.64+C104*0.18+C105*0.18 -> 0.10214 | D93: =($C$81*$C$46)-$C$81 -> 64.65 | E93: =C93*D93 -> 6.603351 | G93: =G57 -> 0.10214 | H93: =($C$81*$C$46)-$C$81 -> 64.65 | I93: =G93*H93 -> 6.603351 | K93: =I93-E93 -> 0 | L93: =IF(I93-E93=0, " 0.00%", I93/E93-1) -> 0.00%
A94: Total Deferral/Variance Account Rate Riders | B94: per kWh | C94: 0 | D94: 0 | E94: 0 | G94: =G58 -> 0 | H94: 0 | I94: 0 | K94: =I94-E94 -> 0 | L94: =IF(I94-E94=0, " 0.00%", I94/E94-1) -> 0.00%
A95: Smart Meter Entity Charge | B95: Monthly | C95: 0.79 | D95: 1 | E95: =C95*D95 -> 0.79 | G95: =G59 -> 0.79 | H95: 1 | I95: =G95*H95 -> 0.79 | K95: =I95-E95 -> 0 | L95: =IF(I95-E95=0, " 0.00%", I95/E95-1) -> 0.00%
A96: Sub-Total B - Distribution (includes Sub-Total A) | E96: =SUM(E92:E95) -> 55.083351 | I96: =SUM(I92:I95) -> 51.849551 | K96: =I96-E96 -> -3.2338 | L96: =IF(I96-E96=0, " 0.00%", I96/E96-1) -> -0.058707394
A97: RTSR - Network | B97: per kWh | C97: 0.0075 | D97: =$C$81*$C$46 -> 1564.65 | E97: =C97*D97 -> 11.734875 | G97: =G61 -> 0.0075 | H97: =$C$81*$C$46 -> 1564.65 | I97: =G97*H97 -> 11.734875 | K97: =I97-E97 -> 0 | L97: =IF(I97-E97=0, " 0.00%", I97/E97-1) -> 0.00%
A98: RTSR - Connection and/or Line and Transformation Connection | B98: per kWh | C98: 0.0054 | D98: =$C$81*$C$46 -> 1564.65 | E98: =C98*D98 -> 8.44911 | G98: =G62 -> 0.0054 | H98: =$C$81*$C$46 -> 1564.65 | I98: =G98*H98 -> 8.44911 | K98: =I98-E98 -> 0 | L98: =IF(I98-E98=0, " 0.00%", I98/E98-1) -> 0.00%
A99: Sub-Total C - Delivery (including Sub-Total B) | E99: =SUM(E96:E98) -> 75.267336 | I99: =SUM(I96:I98) -> 72.033536 | K99: =I99-E99 -> -3.2338 | L99: =IF(I99-E99=0, " 0.00%", I99/E99-1) -> -0.042964188
A100: Wholesale Market Service Charge (WMSC) | B100: per kWh | C100: 0.0044 | D100: =$C$81*$C$46 -> 1564.65 | E100: =C100*D100 -> 6.88446 | G100: =G64 -> 0.0044 | H100: =$C$81*$C$46 -> 1564.65 | I100: =G100*H100 -> 6.88446 | K100: =I100-E100 -> 0 | L100: =IF(I100-E100=0, " 0.00%", I100/E100-1) -> 0.00%
A101: Rural and Remote Rate Protection (RRRP) | B101: per kWh | C101: 0.0013 | D101: =$C$81*$C$46 -> 1564.65 | E101: =C101*D101 -> 2.034045 | G101: =G65 -> 0.0013 | H101: =$C$81*$C$46 -> 1564.65 | I101: =G101*H101 -> 2.034045 | K101: =I101-E101 -> 0 | L101: =IF(I101-E101=0, " 0.00%", I101/E101-1) -> 0.00%
A102: Standard Supply Service Charge | B102: Monthly | C102: 0.25 | D102: 1 | E102: =C102*D102 -> 0.25 | G102: =G66 -> 0.25 | H102: 1 | I102: =G102*H102 -> 0.25 | K102: =I102-E102 -> 0 | L102: =IF(I102-E102=0, " 0.00%", I102/E102-1) -> 0.00%
A103: TOU - Off Peak | B103: per kWh | C103: 0.08 | D103: =$C$81*0.64 -> 960 | E103: =C103*D103 -> 76.8 | G103: =G67 -> 0.08 | H103: =$C$81*0.64 -> 960 | I103: =G103*H103 -> 76.8 | K103: =I103-E103 -> 0 | L103: =IF(I103-E103=0, " 0.00%", I103/E103-1) -> 0.00%
A104: TOU - Mid Peak | B104: per kWh | C104: 0.122 | D104: =$C$81*0.18 -> 270 | E104: =C104*D104 -> 32.94 | G104: =G68 -> 0.122 | H104: =$C$81*0.18 -> 270 | I104: =G104*H104 -> 32.94 | K104: =I104-E104 -> 0 | L104: =IF(I104-E104=0, " 0.00%", I104/E104-1) -> 0.00%
A105: TOU - On Peak | B105: per kWh | C105: 0.161 | D105: =$C$81*0.18 -> 270 | E105: =C105*D105 -> 43.47 | G105: =G69 -> 0.161 | H105: =$C$81*0.18 -> 270 | I105: =G105*H105 -> 43.47 | K105: =I105-E105 -> 0 | L105: =IF(I105-E105=0, " 0.00%", I105/E105-1) -> 0.00%
A107: Total Bill on TOU (before Taxes) | E107: =SUM(E99:E105) -> 237.64584 | I107: =SUM(I99:I105) -> 234.41204 | K107: =I107-E107 -> -3.2338 | L107: =IF(I107-E107=0, " 0.00%", I107/E107-1) -> -0.013607644
A108: HST | C108: 0.13 | E108: =E107*C108 -> 30.893959 | G108: 0.13 | I108: =I107*G108 -> 30.473565 | K108: =I108-E108 -> -0.420394 | L108: =IF(I108-E108=0, " 0.00%", I108/E108-1) -> -0.013607644
A109: Total Bill (including HST) | E109: =E107+E108 -> 268.5398 | I109: =I107+I108 -> 264.88561 | K109: =I109-E109 -> -3.654194 | L109: =I109/E109-1 -> -0.013607644
E110: 0 | I110: 0 | K110: =I110-E110 -> 0 | L110: 0
A111: Total Bill Including HST | E111: =E109+E110 -> 268.5398 | I111: =I109+I110 -> 264.88561 | K111: =I111-E111 -> -3.654194 | L111: =IF(I111-E111=0, " 0.00%", I111/E111-1) -> -0.013607644

Sheet 2017 Bill Impact
A7: Woodstock Residential Customer Class TOU
A9: Consumption kWh | C9: ='2016 Bill Impact'!C9 -> 285
A10: Loss Adjustment Factor | C10: ='2016 Bill Impact'!C10 -> 1.0431
C12: Proposed January 1 2016 | G12: Proposed January 1 2017 | K12: Impact
C13: Rate ($) | D13: Volume | E13: Charge ($) | G13: Rate ($) | H13: Volume | I13: Charge ($) | K13: $ Change | L13: % Change
A14: Monthly Service Charge | B14: Monthly | C14: ='2016 Bill Impact'!G14 -> 16.38 | D14: 1 | E14: =C14*D14 -> 16.38 | G14: ='App.2-PA_Res_Rate_Design_17'!D43 -> 19.77 | H14: 1 | I14: =G14*H14 -> 19.77 | K14: =I14-E14 -> 3.39 | L14: =IF(I14-E14=0, " 0.00%", I14/E14-1) -> 0.20695971
A15: Rate Rider per Hydro One Networks' Acquisition Agreement | B15: Monthly | C15: ='2016 Bill Impact'!G15 -> -0.1638 | D15: 1 | E15: =C15*D15 -> -0.1638 | G15: =-G14*0.01 -> -0.1977 | H15: 1 | I15: =G15*H15 -> -0.1977 | K15: =I15-E15 -> -0.0339 | L15: =IF(I15-E15=0, " 0.00%", I15/E15-1) -> 0.20695971
A16: Rate Rider for Recovery of Smart Meter Incremental Revenue Requirements | B16: Monthly | C16: ='2016 Bill Impact'!G16 -> 0.64 | D16: 1 | E16: =C16*D16 -> 0.64 | G16: 0.64 | H16: 1 | I16: =G16*H16 -> 0.64 | K16: =I16-E16 -> 0 | L16: =IF(I16-E16=0, " 0.00%", I16/E16-1) -> 0.00%
A17: Distribution Volumetric Rate | B17: per kWh | C17: ='2016 Bill Impact'!G17 -> 0.0178 | D17: =$C$9 -> 285 | E17: =C17*D17 -> 5.073 | G17: ='App.2-PA_Res_Rate_Design_17'!D44 -> 0.0133 | H17: =$C$9 -> 285 | I17: =G17*H17 -> 3.7905 | K17: =I17-E17 -> -1.2825 | L17: =IF(I17-E17=0, " 0.00%", I17/E17-1) -> -0.25280899
A18: Rate Rider per Hydro One Networks' Acquisition Agreement | B18: per kWh | C18: ='2016 Bill Impact'!G18 -> -0.0002 | D18: =$C$9 -> 285 | E18: =C18*D18 -> -0.057 | G18: =ROUND(-G17*0.01,4) -> -0.0001 | H18: =$C$9 -> 285 | I18: =G18*H18 -> -0.0285 | K18: =I18-E18 -> 0.0285 | L18: =IF(I18-E18=0, " 0.00%", I18/E18-1) -> -0.5
A19: Rate Rider for Recovery of Incremental Capital | B19: per kWh | C19: ='2016 Bill Impact'!G19 -> 0.0008 | D19: =$C$9 -> 285 | E19: =C19*D19 -> 0.228 | G19: 0.0008 | H19: =$C$9 -> 285 | I19: =G19*H19 -> 0.228 | K19: =I19-E19 -> 0 | L19: =IF(I19-E19=0, " 0.00%", I19/E19-1) -> 0.00%
A20: Sub-Total A (excluding pass through) | E20: =SUM(E14:E19) -> 22.1002 | I20: =SUM(I14:I19) -> 24.2023 | K20: =I20-E20 -> 2.1021 | L20: =IF(I20-E20=0, " 0.00%", I20/E20-1) -> 0.095116786
A21: Line Losses on Cost of Power | B21: per kWh | C21: ='2016 Bill Impact'!G21 -> 0.10214 | D21: =($C$9*$C$10)-$C$9 -> 12.2835 | E21: =C21*D21 -> 1.2546367 | G21: =G31*0.64+G32*0.18+G33*0.18 -> 0.10214 | H21: =($C$9*$C$10)-$C$9 -> 12.2835 | I21: =G21*H21 -> 1.2546367 | K21: =I21-E21 -> 0 | L21: =IF(I21-E21=0, " 0.00%", I21/E21-1) -> 0.00%
A22: Total Deferral/Variance Account Rate Riders | B22: per kWh | C22: ='2016 Bill Impact'!G22 -> 0 | D22: 0 | E22: 0 | G22: 0 | H22: 0 | I22: 0 | K22: =I22-E22 -> 0 | L22: =IF(I22-E22=0, " 0.00%", I22/E22-1) -> 0.00%
A23: Smart Meter Entity Charge | B23: Monthly | C23: ='2016 Bill Impact'!G23 -> 0.79 | D23: 1 | E23: =C23*D23 -> 0.79 | G23: 0.79 | H23: 1 | I23: =G23*H23 -> 0.79 | K23: =I23-E23 -> 0 | L23: =IF(I23-E23=0, " 0.00%", I23/E23-1) -> 0.00%
A24: Sub-Total B - Distribution (includes Sub-Total A) | E24: =SUM(E20:E23) -> 24.144837 | I24: =SUM(I20:I23) -> 26.246937 | K24: =I24-E24 -> 2.1021 | L24: =IF(I24-E24=0, " 0.00%", I24/E24-1) -> 0.087062092
A25: RTSR - Network | B25: per kWh | C25: ='2016 Bill Impact'!G25 -> 0.0075 | D25: =$C$9*$C$10 -> 297.2835 | E25: =C25*D25 -> 2.2296262 | G25: 0.0075 | H25: =$C$9*$C$10 -> 297.2835 | I25: =G25*H25 -> 2.2296262 | K25: =I25-E25 -> 0 | L25: =IF(I25-E25=0, " 0.00%", I25/E25-1) -> 0.00%
A26: RTSR - Connection and/or Line and Transformation Connection | B26: per kWh | C26: ='2016 Bill Impact'!G26 -> 0.0054 | D26: =$C$9*$C$10 -> 297.2835 | E26: =C26*D26 -> 1.6053309 | G26: 0.0054 | H26: =$C$9*$C$10 -> 297.2835 | I26: =G26*H26 -> 1.6053309 | K26: =I26-E26 -> 0 | L26: =IF(I26-E26=0, " 0.00%", I26/E26-1) -> 0.00%
A27: Sub-Total C - Delivery (including Sub-Total B) | E27: =SUM(E24:E26) -> 27.979794 | I27: =SUM(I24:I26) -> 30.081894 | K27: =I27-E27 -> 2.1021 | L27: =IF(I27-E27=0, " 0.00%", I27/E27-1) -> 0.075129217
A28: Wholesale Market Service Charge (WMSC) | B28: per kWh | C28: ='2016 Bill Impact'!G28 -> 0.0044 | D28: =$C$9*$C$10 -> 297.2835 | E28: =C28*D28 -> 1.3080474 | G28: 0.0044 | H28: =$C$9*$C$10 -> 297.2835 | I28: =G28*H28 -> 1.3080474 | K28: =I28-E28 -> 0 | L28: =IF(I28-E28=0, " 0.00%", I28/E28-1) -> 0.00%
A29: Rural and Remote Rate Protection (RRRP) | B29: per kWh | C29: ='2016 Bill Impact'!G29 -> 0.0013 | D29: =$C$9*$C$10 -> 297.2835 | E29: =C29*D29 -> 0.38646855 | G29: 0.0013 | H29: =$C$9*$C$10 -> 297.2835 | I29: =G29*H29 -> 0.38646855 | K29: =I29-E29 -> 0 | L29: =IF(I29-E29=0, " 0.00%", I29/E29-1) -> 0.00%
A30: Standard Supply Service Charge | B30: Monthly | C30: ='2016 Bill Impact'!G30 -> 0.25 | D30: 1 | E30: =C30*D30 -> 0.25 | G30: 0.25 | H30: 1 | I30: =G30*H30 -> 0.25 | K30: =I30-E30 -> 0 | L30: =IF(I30-E30=0, " 0.00%", I30/E30-1) -> 0.00%
A31: TOU - Off Peak | B31: per kWh | C31: ='2016 Bill Impact'!G31 -> 0.08 | D31: =$C$9*0.64 -> 182.4 | E31: =C31*D31 -> 14.592 | G31: 0.08 | H31: =$C$9*0.64 -> 182.4 | I31: =G31*H31 -> 14.592 | K31: =I31-E31 -> 0 | L31: =IF(I31-E31=0, " 0.00%", I31/E31-1) -> 0.00%
A32: TOU - Mid Peak | B32: per kWh | C32: ='2016 Bill Impact'!G32 -> 0.122 | D32: =$C$9*0.18 -> 51.3 | E32: =C32*D32 -> 6.2586 | G32: 0.122 | H32: =$C$9*0.18 -> 51.3 | I32: =G32*H32 -> 6.2586 | K32: =I32-E32 -> 0 | L32: =IF(I32-E32=0, " 0.00%", I32/E32-1) -> 0.00%
A33: TOU - On Peak | B33: per kWh | C33: ='2016 Bill Impact'!G33 -> 0.161 | D33: =$C$9*0.18 -> 51.3 | E33: =C33*D33 -> 8.2593 | G33: 0.161 | H33: =$C$9*0.18 -> 51.3 | I33: =G33*H33 -> 8.2593 | K33: =I33-E33 -> 0 | L33: =IF(I33-E33=0, " 0.00%", I33/E33-1) -> 0.00%
A35: Total Bill on TOU (before Taxes) | E35: =SUM(E27:E33) -> 59.03421 | I35: =SUM(I27:I33) -> 61.13631 | K35: =I35-E35 -> 2.1021 | L35: =IF(I35-E35=0, " 0.00%", I35/E35-1) -> 0.035608167
A36: HST | C36: 0.13 | E36: =E35*C36 -> 7.6744473 | G36: 0.13 | I36: =I35*G36 -> 7.9477203 | K36: =I36-E36 -> 0.273273 | L36: =IF(I36-E36=0, " 0.00%", I36/E36-1) -> 0.035608167
A37: Total Bill (including HST) | E37: =E35+E36 -> 66.708657 | I37: =I35+I36 -> 69.08403 | K37: =I37-E37 -> 2.375373 | L37: =I37/E37-1 -> 0.035608167
E38: 0 | I38: 0 | K38: =I38-E38 -> 0 | L38: 0
A39: Total Bill Including HST | E39: =E37+E38 -> 66.708657 | I39: =I37+I38 -> 69.08403 | K39: =I39-E39 -> 2.375373 | L39: =IF(I39-E39=0, " 0.00%", I39/E39-1) -> 0.035608167
A43: Woodstock Residential Customer Class TOU
A45: Consumption kWh | C45: ='2016 Bill Impact'!C45 -> 800
A46: Loss Adjustment Factor | C46: ='2016 Bill Impact'!C46 -> 1.0431
C48: Proposed January 1 2016 | G48: Proposed January 1 2017 | K48: Impact
C49: Rate ($) | D49: Volume | E49: Charge ($) | G49: Rate ($) | H49: Volume | I49: Charge ($) | K49: $ Change | L49: % Change
A50: Monthly Service Charge | B50: Monthly | C50: =C14 -> 16.38 | D50: 1 | E50: =C50*D50 -> 16.38 | G50: =G14 -> 19.77 | H50: 1 | I50: =G50*H50 -> 19.77 | K50: =I50-E50 -> 3.39 | L50: =IF(I50-E50=0, " 0.00%", I50/E50-1) -> 0.20695971
A51: Rate Rider per Hydro One Networks' Acquisition Agreement | B51: Monthly | C51: =C15 -> -0.1638 | D51: 1 | E51: =C51*D51 -> -0.1638 | G51: =G15 -> -0.1977 | H51: 1 | I51: =G51*H51 -> -0.1977 | K51: =I51-E51 -> -0.0339 | L51: =IF(I51-E51=0, " 0.00%", I51/E51-1) -> 0.20695971
A52: Rate Rider for Recovery of Smart Meter Incremental Revenue Requirements | B52: Monthly | C52: =C16 -> 0.64 | D52: 1 | E52: =C52*D52 -> 0.64 | G52: =G16 -> 0.64 | H52: 1 | I52: =G52*H52 -> 0.64 | K52: =I52-E52 -> 0 | L52: =IF(I52-E52=0, " 0.00%", I52/E52-1) -> 0.00%
A53: Distribution Volumetric Rate | B53: per kWh | C53: =C17 -> 0.0178 | D53: =$C$45 -> 800 | E53: =C53*D53 -> 14.24 | G53: =G17 -> 0.0133 | H53: =$C$45 -> 800 | I53: =G53*H53 -> 10.64 | K53: =I53-E53 -> -3.6 | L53: =IF(I53-E53=0, " 0.00%", I53/E53-1) -> -0.25280899
A54: Rate Rider per Hydro One Networks' Acquisition Agreement | B54: per kWh | C54: =C18 -> -0.0002 | D54: =$C$45 -> 800 | E54: =C54*D54 -> -0.16 | G54: =G18 -> -0.0001 | H54: =$C$45 -> 800 | I54: =G54*H54 -> -0.08 | K54: =I54-E54 -> 0.08 | L54: =IF(I54-E54=0, " 0.00%", I54/E54-1) -> -0.5
A55: Rate Rider for Recovery of Incremental Capital | B55: per kWh | C55: =C19 -> 0.0008 | D55: =$C$45 -> 800 | E55: =C55*D55 -> 0.64 | G55: =G19 -> 0.0008 | H55: =$C$45 -> 800 | I55: =G55*H55 -> 0.64 | K55: =I55-E55 -> 0 | L55: =IF(I55-E55=0, " 0.00%", I55/E55-1) -> 0.00%
A56: Sub-Total A (excluding pass through) | E56: =SUM(E50:E55) -> 31.5762 | I56: =SUM(I50:I55) -> 31.4123 | K56: =I56-E56 -> -0.1639 | L56: =IF(I56-E56=0, " 0.00%", I56/E56-1) -> -0.0051906183
A57: Line Losses on Cost of Power | B57: per kWh | C57: =C21 -> 0.10214 | D57: =($C$45*$C$46)-$C$45 -> 34.48 | E57: =C57*D57 -> 3.5217872 | G57: =G21 -> 0.10214 | H57: =($C$45*$C$46)-$C$45 -> 34.48 | I57: =G57*H57 -> 3.5217872 | K57: =I57-E57 -> 0 | L57: =IF(I57-E57=0, " 0.00%", I57/E57-1) -> 0.00%
A58: Total Deferral/Variance Account Rate Riders | B58: per kWh | C58: =C22 -> 0 | D58: 0 | E58: 0 | G58: =G22 -> 0 | H58: 0 | I58: 0 | K58: =I58-E58 -> 0 | L58: =IF(I58-E58=0, " 0.00%", I58/E58-1) -> 0.00%
A59: Smart Meter Entity Charge | B59: Monthly | C59: =C23 -> 0.79 | D59: 1 | E59: =C59*D59 -> 0.79 | G59: =G23 -> 0.79 | H59: 1 | I59: =G59*H59 -> 0.79 | K59: =I59-E59 -> 0 | L59: =IF(I59-E59=0, " 0.00%", I59/E59-1) -> 0.00%
A60: Sub-Total B - Distribution (includes Sub-Total A) | E60: =SUM(E56:E59) -> 35.887987 | I60: =SUM(I56:I59) -> 35.724087 | K60: =I60-E60 -> -0.1639 | L60: =IF(I60-E60=0, " 0.00%", I60/E60-1) -> -0.0045669878
A61: RTSR - Network | B61: per kWh | C61: =C25 -> 0.0075 | D61: =$C$45*$C$46 -> 834.48 | E61: =C61*D61 -> 6.2586 | G61: =G25 -> 0.0075 | H61: =$C$45*$C$46 -> 834.48 | I61: =G61*H61 -> 6.2586 | K61: =I61-E61 -> 0 | L61: =IF(I61-E61=0, " 0.00%", I61/E61-1) -> 0.00%
A62: RTSR - Connection and/or Line and Transformation Connection | B62: per kWh | C62: =C26 -> 0.0054 | D62: =$C$45*$C$46 -> 834.48 | E62: =C62*D62 -> 4.506192 | G62: =G26 -> 0.0054 | H62: =$C$45*$C$46 -> 834.48 | I62: =G62*H62 -> 4.506192 | K62: =I62-E62 -> 0 | L62: =IF(I62-E62=0, " 0.00%", I62/E62-1) -> 0.00%
A63: Sub-Total C - Delivery (including Sub-Total B) | E63: =SUM(E60:E62) -> 46.652779 | I63: =SUM(I60:I62) -> 46.488879 | K63: =I63-E63 -> -0.1639 | L63: =IF(I63-E63=0, " 0.00%", I63/E63-1) -> -0.0035131883
A64: Wholesale Market Service Charge (WMSC) | B64: per kWh | C64: =C28 -> 0.0044 | D64: =$C$45*$C$46 -> 834.48 | E64: =C64*D64 -> 3.671712 | G64: =G28 -> 0.0044 | H64: =$C$45*$C$46 -> 834.48 | I64: =G64*H64 -> 3.671712 | K64: =I64-E64 -> 0 | L64: =IF(I64-E64=0, " 0.00%", I64/E64-1) -> 0.00%
A65: Rural and Remote Rate Protection (RRRP) | B65: per kWh | C65: =C29 -> 0.0013 | D65: =$C$45*$C$46 -> 834.48 | E65: =C65*D65 -> 1.084824 | G65: =G29 -> 0.0013 | H65: =$C$45*$C$46 -> 834.48 | I65: =G65*H65 -> 1.084824 | K65: =I65-E65 -> 0 | L65: =IF(I65-E65=0, " 0.00%", I65/E65-1) -> 0.00%
A66: Standard Supply Service Charge | B66: Monthly | C66: =C30 -> 0.25 | D66: 1 | E66: =C66*D66 -> 0.25 | G66: =G30 -> 0.25 | H66: 1 | I66: =G66*H66 -> 0.25 | K66: =I66-E66 -> 0 | L66: =IF(I66-E66=0, " 0.00%", I66/E66-1) -> 0.00%
A67: TOU - Off Peak | B67: per kWh | C67: =C31 -> 0.08 | D67: =$C$45*0.64 -> 512 | E67: =C67*D67 -> 40.96 | G67: =G31 -> 0.08 | H67: =$C$45*0.64 -> 512 | I67: =G67*H67 -> 40.96 | K67: =I67-E67 -> 0 | L67: =IF(I67-E67=0, " 0.00%", I67/E67-1) -> 0.00%
A68: TOU - Mid Peak | B68: per kWh | C68: =C32 -> 0.122 | D68: =$C$45*0.18 -> 144 | E68: =C68*D68 -> 17.568 | G68: =G32 -> 0.122 | H68: =$C$45*0.18 -> 144 | I68: =G68*H68 -> 17.568 | K68: =I68-E68 -> 0 | L68: =IF(I68-E68=0, " 0.00%", I68/E68-1) -> 0.00%
A69: TOU - On Peak | B69: per kWh | C69: =C33 -> 0.161 | D69: =$C$45*0.18 -> 144 | E69: =C69*D69 -> 23.184 | G69: =G33 -> 0.161 | H69: =$C$45*0.18 -> 144 | I69: =G69*H69 -> 23.184 | K69: =I69-E69 -> 0 | L69: =IF(I69-E69=0, " 0.00%", I69/E69-1) -> 0.00%
A71: Total Bill on TOU (before Taxes) | E71: =SUM(E63:E69) -> 133.37132 | I71: =SUM(I63:I69) -> 133.20742 | K71: =I71-E71 -> -0.1639 | L71: =IF(I71-E71=0, " 0.00%", I71/E71-1) -> -0.0012288999
A72: HST | C72: 0.13 | E72: =E71*C72 -> 17.338271 | G72: 0.13 | I72: =I71*G72 -> 17.316964 | K72: =I72-E72 -> -0.021307 | L72: =IF(I72-E72=0, " 0.00%", I72/E72-1) -> -0.0012288999
A73: Total Bill (including HST) | E73: =E71+E72 -> 150.70959 | I73: =I71+I72 -> 150.52438 | K73: =I73-E73 -> -0.185207 | L73: =I73/E73-1 -> -0.0012288999
E74: 0 | I74: 0 | K74: =I74-E74 -> 0 | L74: 0
A75: Total Bill Including HST | E75: =E73+E74 -> 150.70959 | I75: =I73+I74 -> 150.52438 | K75: =I75-E75 -> -0.185207 | L75: =IF(I75-E75=0, " 0.00%", I75/E75-1) -> -0.0012288999
A79: Woodstock Residential Customer Class TOU
A81: Consumption kWh | C81: ='2016 Bill Impact'!C81 -> 1500
A82: Loss Adjustment Factor | C82: ='2016 Bill Impact'!C82 -> 1.0431
C84: Proposed January 1 2016 | G84: Proposed January 1 2017 | K84: Impact
C85: Rate ($) | D85: Volume | E85: Charge ($) | G85: Rate ($) | H85: Volume | I85: Charge ($) | K85: $ Change | L85: % Change
A86: Monthly Service Charge | B86: Monthly | C86: =C50 -> 16.38 | D86: 1 | E86: =C86*D86 -> 16.38 | G86: =G50 -> 19.77 | H86: 1 | I86: =G86*H86 -> 19.77 | K86: =I86-E86 -> 3.39 | L86: =IF(I86-E86=0, " 0.00%", I86/E86-1) -> 0.20695971
A87: Rate Rider per Hydro One Networks' Acquisition Agreement | B87: Monthly | C87: =C51 -> -0.1638 | D87: 1 | E87: =C87*D87 -> -0.1638 | G87: =G51 -> -0.1977 | H87: 1 | I87: =G87*H87 -> -0.1977 | K87: =I87-E87 -> -0.0339 | L87: =IF(I87-E87=0, " 0.00%", I87/E87-1) -> 0.20695971
A88: Rate Rider for Recovery of Smart Meter Incremental Revenue Requirements | B88: Monthly | C88: =C52 -> 0.64 | D88: 1 | E88: =C88*D88 -> 0.64 | G88: =G52 -> 0.64 | H88: 1 | I88: =G88*H88 -> 0.64 | K88: =I88-E88 -> 0 | L88: =IF(I88-E88=0, " 0.00%", I88/E88-1) -> 0.00%
A89: Distribution Volumetric Rate | B89: per kWh | C89: =C53 -> 0.0178 | D89: =$C$81 -> 1500 | E89: =C89*D89 -> 26.7 | G89: =G53 -> 0.0133 | H89: =$C$81 -> 1500 | I89: =G89*H89 -> 19.95 | K89: =I89-E89 -> -6.75 | L89: =IF(I89-E89=0, " 0.00%", I89/E89-1) -> -0.25280899
A90: Rate Rider per Hydro One Networks' Acquisition Agreement | B90: per kWh | C90: =C54 -> -0.0002 | D90: =$C$81 -> 1500 | E90: =C90*D90 -> -0.3 | G90: =G54 -> -0.0001 | H90: =$C$81 -> 1500 | I90: =G90*H90 -> -0.15 | K90: =I90-E90 -> 0.15 | L90: =IF(I90-E90=0, " 0.00%", I90/E90-1) -> -0.5
A91: Rate Rider for Recovery of Incremental Capital | B91: per kWh | C91: =C55 -> 0.0008 | D91: =$C$81 -> 1500 | E91: =C91*D91 -> 1.2 | G91: =G55 -> 0.0008 | H91: =$C$81 -> 1500 | I91: =G91*H91 -> 1.2 | K91: =I91-E91 -> 0 | L91: =IF(I91-E91=0, " 0.00%", I91/E91-1) -> 0.00%
A92: Sub-Total A (excluding pass through) | C92: =C56 -> 0 | E92: =SUM(E86:E91) -> 44.4562 | I92: =SUM(I86:I91) -> 41.2123 | K92: =I92-E92 -> -3.2439 | L92: =IF(I92-E92=0, " 0.00%", I92/E92-1) -> -0.07296845
A93: Line Losses on Cost of Power | B93: per kWh | C93: =C57 -> 0.10214 | D93: =($C$81*$C$46)-$C$81 -> 64.65 | E93: =C93*D93 -> 6.603351 | G93: =G57 -> 0.10214 | H93: =($C$81*$C$46)-$C$81 -> 64.65 | I93: =G93*H93 -> 6.603351 | K93: =I93-E93 -> 0 | L93: =IF(I93-E93=0, " 0.00%", I93/E93-1) -> 0.00%
A94: Total Deferral/Variance Account Rate Riders | B94: per kWh | C94: =C58 -> 0 | D94: 0 | E94: 0 | G94: =G58 -> 0 | H94: 0 | I94: 0 | K94: =I94-E94 -> 0 | L94: =IF(I94-E94=0, " 0.00%", I94/E94-1) -> 0.00%
A95: Smart Meter Entity Charge | B95: Monthly | C95: =C59 -> 0.79 | D95: 1 | E95: =C95*D95 -> 0.79 | G95: =G59 -> 0.79 | H95: 1 | I95: =G95*H95 -> 0.79 | K95: =I95-E95 -> 0 | L95: =IF(I95-E95=0, " 0.00%", I95/E95-1) -> 0.00%
A96: Sub-Total B - Distribution (includes Sub-Total A) | C96: =C60 -> 0 | E96: =SUM(E92:E95) -> 51.849551 | I96: =SUM(I92:I95) -> 48.605651 | K96: =I96-E96 -> -3.2439 | L96: =IF(I96-E96=0, " 0.00%", I96/E96-1) -> -0.062563705
A97: RTSR - Network | B97: per kWh | C97: =C61 -> 0.0075 | D97: =$C$81*$C$46 -> 1564.65 | E97: =C97*D97 -> 11.734875 | G97: =G61 -> 0.0075 | H97: =$C$81*$C$46 -> 1564.65 | I97: =G97*H97 -> 11.734875 | K97: =I97-E97 -> 0 | L97: =IF(I97-E97=0, " 0.00%", I97/E97-1) -> 0.00%
A98: RTSR - Connection and/or Line and Transformation Connection | B98: per kWh | C98: =C62 -> 0.0054 | D98: =$C$81*$C$46 -> 1564.65 | E98: =C98*D98 -> 8.44911 | G98: =G62 -> 0.0054 | H98: =$C$81*$C$46 -> 1564.65 | I98: =G98*H98 -> 8.44911 | K98: =I98-E98 -> 0 | L98: =IF(I98-E98=0, " 0.00%", I98/E98-1) -> 0.00%
A99: Sub-Total C - Delivery (including Sub-Total B) | C99: =C63 -> 0 | E99: =SUM(E96:E98) -> 72.033536 | I99: =SUM(I96:I98) -> 68.789636 | K99: =I99-E99 -> -3.2439 | L99: =IF(I99-E99=0, " 0.00%", I99/E99-1) -> -0.045033191
A100: Wholesale Market Service Charge (WMSC) | B100: per kWh | C100: =C64 -> 0.0044 | D100: =$C$81*$C$46 -> 1564.65 | E100: =C100*D100 -> 6.88446 | G100: =G64 -> 0.0044 | H100: =$C$81*$C$46 -> 1564.65 | I100: =G100*H100 -> 6.88446 | K100: =I100-E100 -> 0 | L100: =IF(I100-E100=0, " 0.00%", I100/E100-1) -> 0.00%
A101: Rural and Remote Rate Protection (RRRP) | B101: per kWh | C101: =C65 -> 0.0013 | D101: =$C$81*$C$46 -> 1564.65 | E101: =C101*D101 -> 2.034045 | G101: =G65 -> 0.0013 | H101: =$C$81*$C$46 -> 1564.65 | I101: =G101*H101 -> 2.034045 | K101: =I101-E101 -> 0 | L101: =IF(I101-E101=0, " 0.00%", I101/E101-1) -> 0.00%
A102: Standard Supply Service Charge | B102: Monthly | C102: =C66 -> 0.25 | D102: 1 | E102: =C102*D102 -> 0.25 | G102: =G66 -> 0.25 | H102: 1 | I102: =G102*H102 -> 0.25 | K102: =I102-E102 -> 0 | L102: =IF(I102-E102=0, " 0.00%", I102/E102-1) -> 0.00%
A103: TOU - Off Peak | B103: per kWh | C103: =C67 -> 0.08 | D103: =$C$81*0.64 -> 960 | E103: =C103*D103 -> 76.8 | G103: =G67 -> 0.08 | H103: =$C$81*0.64 -> 960 | I103: =G103*H103 -> 76.8 | K103: =I103-E103 -> 0 | L103: =IF(I103-E103=0, " 0.00%", I103/E103-1) -> 0.00%
A104: TOU - Mid Peak | B104: per kWh | C104: =C68 -> 0.122 | D104: =$C$81*0.18 -> 270 | E104: =C104*D104 -> 32.94 | G104: =G68 -> 0.122 | H104: =$C$81*0.18 -> 270 | I104: =G104*H104 -> 32.94 | K104: =I104-E104 -> 0 | L104: =IF(I104-E104=0, " 0.00%", I104/E104-1) -> 0.00%
A105: TOU - On Peak | B105: per kWh | C105: =C69 -> 0.161 | D105: =$C$81*0.18 -> 270 | E105: =C105*D105 -> 43.47 | G105: =G69 -> 0.161 | H105: =$C$81*0.18 -> 270 | I105: =G105*H105 -> 43.47 | K105: =I105-E105 -> 0 | L105: =IF(I105-E105=0, " 0.00%", I105/E105-1) -> 0.00%
A107: Total Bill on TOU (before Taxes) | E107: =SUM(E99:E105) -> 234.41204 | I107: =SUM(I99:I105) -> 231.16814 | K107: =I107-E107 -> -3.2439 | L107: =IF(I107-E107=0, " 0.00%", I107/E107-1) -> -0.013838453
A108: HST | C108: 0.13 | E108: =E107*C108 -> 30.473565 | G108: 0.13 | I108: =I107*G108 -> 30.051858 | K108: =I108-E108 -> -0.421707 | L108: =IF(I108-E108=0, " 0.00%", I108/E108-1) -> -0.013838453
A109: Total Bill (including HST) | E109: =E107+E108 -> 264.88561 | I109: =I107+I108 -> 261.22 | K109: =I109-E109 -> -3.665607 | L109: =I109/E109-1 -> -0.013838453
E110: 0 | I110: 0 | K110: =I110-E110 -> 0 | L110: 0
A111: Total Bill Including HST | E111: =E109+E110 -> 264.88561 | I111: =I109+I110 -> 261.22 | K111: =I111-E111 -> -3.665607 | L111: =IF(I111-E111=0, " 0.00%", I111/E111-1) -> -0.013838453

Sheet 2018 Bill Impact
A7: Woodstock Residential Customer Class TOU
A9: Consumption kWh | C9: ='2017 Bill Impact'!C9 -> 285
A10: Loss Adjustment Factor | C10: ='2017 Bill Impact'!C10 -> 1.0431
C12: Proposed January 1 2017 | G12: Proposed January 1 2018 | K12: Impact
C13: Rate ($) | D13: Volume | E13: Charge ($) | G13: Rate ($) | H13: Volume | I13: Charge ($) | K13: $ Change | L13: % Change
A14: Monthly Service Charge | B14: Monthly | C14: ='2017 Bill Impact'!G14 -> 19.77 | D14: 1 | E14: =C14*D14 -> 19.77 | G14: ='App.2-PA_Res_Rate_Design_18'!D43 -> 23.18 | H14: 1 | I14: =G14*H14 -> 23.18 | K14: =I14-E14 -> 3.41 | L14: =IF(I14-E14=0, " 0.00%", I14/E14-1) -> 0.17248356
A15: Rate Rider per Hydro One Networks' Acquisition Agreement | B15: Monthly | C15: ='2017 Bill Impact'!G15 -> -0.1977 | D15: 1 | E15: =C15*D15 -> -0.1977 | G15: =-G14*0.01 -> -0.2318 | H15: 1 | I15: =G15*H15 -> -0.2318 | K15: =I15-E15 -> -0.0341 | L15: =IF(I15-E15=0, " 0.00%", I15/E15-1) -> 0.17248356
A16: Rate Rider for Recovery of Smart Meter Incremental Revenue Requirements | B16: Monthly | C16: ='2017 Bill Impact'!G16 -> 0.64 | D16: 1 | E16: =C16*D16 -> 0.64 | G16: 0.64 | H16: 1 | I16: =G16*H16 -> 0.64 | K16: =I16-E16 -> 0 | L16: =IF(I16-E16=0, " 0.00%", I16/E16-1) -> 0.00%
A17: Distribution Volumetric Rate | B17: per kWh | C17: ='2017 Bill Impact'!G17 -> 0.0133 | D17: =$C$9 -> 285 | E17: =C17*D17 -> 3.7905 | G17: ='App.2-PA_Res_Rate_Design_18'!D44 -> 0.0089 | H17: =$C$9 -> 285 | I17: =G17*H17 -> 2.5365 | K17: =I17-E17 -> -1.254 | L17: =IF(I17-E17=0, " 0.00%", I17/E17-1) -> -0.33082707
A18: Rate Rider per Hydro One Networks' Acquisition Agreement | B18: per kWh | C18: ='2017 Bill Impact'!G18 -> -0.0001 | D18: =$C$9 -> 285 | E18: =C18*D18 -> -0.0285 | G18: =ROUND(-G17*0.01,4) -> -0.0001 | H18: =$C$9 -> 285 | I18: =G18*H18 -> -0.0285 | K18: =I18-E18 -> 0 | L18: =IF(I18-E18=0, " 0.00%", I18/E18-1) -> 0.00%
A19: Rate Rider for Recovery of Incremental Capital | B19: per kWh | C19: ='2017 Bill Impact'!G19 -> 0.0008 | D19: =$C$9 -> 285 | E19: =C19*D19 -> 0.228 | G19: 0.0008 | H19: =$C$9 -> 285 | I19: =G19*H19 -> 0.228 | K19: =I19-E19 -> 0 | L19: =IF(I19-E19=0, " 0.00%", I19/E19-1) -> 0.00%
A20: Sub-Total A (excluding pass through) | E20: =SUM(E14:E19) -> 24.2023 | I20: =SUM(I14:I19) -> 26.3242 | K20: =I20-E20 -> 2.1219 | L20: =IF(I20-E20=0, " 0.00%", I20/E20-1) -> 0.087673486
A21: Line Losses on Cost of Power | B21: per kWh | C21: ='2017 Bill Impact'!G21 -> 0.10214 | D21: =($C$9*$C$10)-$C$9 -> 12.2835 | E21: =C21*D21 -> 1.2546367 | G21: =G31*0.64+G32*0.18+G33*0.18 -> 0.10214 | H21: =($C$9*$C$10)-$C$9 -> 12.2835 | I21: =G21*H21 -> 1.2546367 | K21: =I21-E21 -> 0 | L21: =IF(I21-E21=0, " 0.00%", I21/E21-1) -> 0.00%
A22: Total Deferral/Variance Account Rate Riders | B22: per kWh | C22: ='2017 Bill Impact'!G22 -> 0 | D22: 0 | E22: 0 | G22: 0 | H22: 0 | I22: 0 | K22: =I22-E22 -> 0 | L22: =IF(I22-E22=0, " 0.00%", I22/E22-1) -> 0.00%
A23: Smart Meter Entity Charge | B23: Monthly | C23: ='2017 Bill Impact'!G23 -> 0.79 | D23: 1 | E23: =C23*D23 -> 0.79 | G23: 0.79 | H23: 1 | I23: =G23*H23 -> 0.79 | K23: =I23-E23 -> 0 | L23: =IF(I23-E23=0, " 0.00%", I23/E23-1) -> 0.00%
A24: Sub-Total B - Distribution (includes Sub-Total A) | E24: =SUM(E20:E23) -> 26.246937 | I24: =SUM(I20:I23) -> 28.368837 | K24: =I24-E24 -> 2.1219 | L24: =IF(I24-E24=0, " 0.00%", I24/E24-1) -> 0.08084372
A25: RTSR - Network | B25: per kWh | C25: ='2017 Bill Impact'!G25 -> 0.0075 | D25: =$C$9*$C$10 -> 297.2835 | E25: =C25*D25 -> 2.2296262 | G25: 0.0075 | H25: =$C$9*$C$10 -> 297.2835 | I25: =G25*H25 -> 2.2296262 | K25: =I25-E25 -> 0 | L25: =IF(I25-E25=0, " 0.00%", I25/E25-1) -> 0.00%
A26: RTSR - Connection and/or Line and Transformation Connection | B26: per kWh | C26: ='2017 Bill Impact'!G26 -> 0.0054 | D26: =$C$9*$C$10 -> 297.2835 | E26: =C26*D26 -> 1.6053309 | G26: 0.0054 | H26: =$C$9*$C$10 -> 297.2835 | I26: =G26*H26 -> 1.6053309 | K26: =I26-E26 -> 0 | L26: =IF(I26-E26=0, " 0.00%", I26/E26-1) -> 0.00%
A27: Sub-Total C - Delivery (including Sub-Total B) | E27: =SUM(E24:E26) -> 30.081894 | I27: =SUM(I24:I26) -> 32.203794 | K27: =I27-E27 -> 2.1219 | L27: =IF(I27-E27=0, " 0.00%", I27/E27-1) -> 0.070537447
A28: Wholesale Market Service Charge (WMSC) | B28: per kWh | C28: ='2017 Bill Impact'!G28 -> 0.0044 | D28: =$C$9*$C$10 -> 297.2835 | E28: =C28*D28 -> 1.3080474 | G28: 0.0044 | H28: =$C$9*$C$10 -> 297.2835 | I28: =G28*H28 -> 1.3080474 | K28: =I28-E28 -> 0 | L28: =IF(I28-E28=0, " 0.00%", I28/E28-1) -> 0.00%
A29: Rural and Remote Rate Protection (RRRP) | B29: per kWh | C29: ='2017 Bill Impact'!G29 -> 0.0013 | D29: =$C$9*$C$10 -> 297.2835 | E29: =C29*D29 -> 0.38646855 | G29: 0.0013 | H29: =$C$9*$C$10 -> 297.2835 | I29: =G29*H29 -> 0.38646855 | K29: =I29-E29 -> 0 | L29: =IF(I29-E29=0, " 0.00%", I29/E29-1) -> 0.00%
A30: Standard Supply Service Charge | B30: Monthly | C30: ='2017 Bill Impact'!G30 -> 0.25 | D30: 1 | E30: =C30*D30 -> 0.25 | G30: 0.25 | H30: 1 | I30: =G30*H30 -> 0.25 | K30: =I30-E30 -> 0 | L30: =IF(I30-E30=0, " 0.00%", I30/E30-1) -> 0.00%
A31: TOU - Off Peak | B31: per kWh | C31: ='2017 Bill Impact'!G31 -> 0.08 | D31: =$C$9*0.64 -> 182.4 | E31: =C31*D31 -> 14.592 | G31: 0.08 | H31: =$C$9*0.64 -> 182.4 | I31: =G31*H31 -> 14.592 | K31: =I31-E31 -> 0 | L31: =IF(I31-E31=0, " 0.00%", I31/E31-1) -> 0.00%
A32: TOU - Mid Peak | B32: per kWh | C32: ='2017 Bill Impact'!G32 -> 0.122 | D32: =$C$9*0.18 -> 51.3 | E32: =C32*D32 -> 6.2586 | G32: 0.122 | H32: =$C$9*0.18 -> 51.3 | I32: =G32*H32 -> 6.2586 | K32: =I32-E32 -> 0 | L32: =IF(I32-E32=0, " 0.00%", I32/E32-1) -> 0.00%
A33: TOU - On Peak | B33: per kWh | C33: ='2017 Bill Impact'!G33 -> 0.161 | D33: =$C$9*0.18 -> 51.3 | E33: =C33*D33 -> 8.2593 | G33: 0.161 | H33: =$C$9*0.18 -> 51.3 | I33: =G33*H33 -> 8.2593 | K33: =I33-E33 -> 0 | L33: =IF(I33-E33=0, " 0.00%", I33/E33-1) -> 0.00%
A35: Total Bill on TOU (before Taxes) | E35: =SUM(E27:E33) -> 61.13631 | I35: =SUM(I27:I33) -> 63.25821 | K35: =I35-E35 -> 2.1219 | L35: =IF(I35-E35=0, " 0.00%", I35/E35-1) -> 0.034707689
A36: HST | C36: 0.13 | E36: =E35*C36 -> 7.9477203 | G36: 0.13 | I36: =I35*G36 -> 8.2235673 | K36: =I36-E36 -> 0.275847 | L36: =IF(I36-E36=0, " 0.00%", I36/E36-1) -> 0.034707689
A37: Total Bill (including HST) | E37: =E35+E36 -> 69.08403 | I37: =I35+I36 -> 71.481777 | K37: =I37-E37 -> 2.397747 | L37: =I37/E37-1 -> 0.034707689
E38: 0 | I38: 0 | K38: =I38-E38 -> 0 | L38: 0
A39: Total Bill Including HST | E39: =E37+E38 -> 69.08403 | I39: =I37+I38 -> 71.481777 | K39: =I39-E39 -> 2.397747 | L39: =IF(I39-E39=0, " 0.00%", I39/E39-1) -> 0.034707689
A43: Woodstock Residential Customer Class TOU
A45: Consumption kWh | C45: ='2017 Bill Impact'!C45 -> 800
A46: Loss Adjustment Factor | C46: ='2017 Bill Impact'!C46 -> 1.0431
C48: Proposed January 1 2017 | G48: Proposed January 1 2018 | K48: Impact
C49: Rate ($) | D49: Volume | E49: Charge ($) | G49: Rate ($) | H49: Volume | I49: Charge ($) | K49: $ Change | L49: % Change
A50: Monthly Service Charge | B50: Monthly | C50: =C14 -> 19.77 | D50: 1 | E50: =C50*D50 -> 19.77 | G50: =G14 -> 23.18 | H50: 1 | I50: =G50*H50 -> 23.18 | K50: =I50-E50 -> 3.41 | L50: =IF(I50-E50=0, " 0.00%", I50/E50-1) -> 0.17248356
A51: Rate Rider per Hydro One Networks' Acquisition Agreement | B51: Monthly | C51: =C15 -> -0.1977 | D51: 1 | E51: =C51*D51 -> -0.1977 | G51: =G15 -> -0.2318 | H51: 1 | I51: =G51*H51 -> -0.2318 | K51: =I51-E51 -> -0.0341 | L51: =IF(I51-E51=0, " 0.00%", I51/E51-1) -> 0.17248356
A52: Rate Rider for Recovery of Smart Meter Incremental Revenue Requirements | B52: Monthly | C52: =C16 -> 0.64 | D52: 1 | E52: =C52*D52 -> 0.64 | G52: =G16 -> 0.64 | H52: 1 | I52: =G52*H52 -> 0.64 | K52: =I52-E52 -> 0 | L52: =IF(I52-E52=0, " 0.00%", I52/E52-1) -> 0.00%
A53: Distribution Volumetric Rate | B53: per kWh | C53: =C17 -> 0.0133 | D53: =$C$45 -> 800 | E53: =C53*D53 -> 10.64 | G53: =G17 -> 0.0089 | H53: =$C$45 -> 800 | I53: =G53*H53 -> 7.12 | K53: =I53-E53 -> -3.52 | L53: =IF(I53-E53=0, " 0.00%", I53/E53-1) -> -0.33082707
A54: Rate Rider per Hydro One Networks' Acquisition Agreement | B54: per kWh | C54: =C18 -> -0.0001 | D54: =$C$45 -> 800 | E54: =C54*D54 -> -0.08 | G54: =G18 -> -0.0001 | H54: =$C$45 -> 800 | I54: =G54*H54 -> -0.08 | K54: =I54-E54 -> 0 | L54: =IF(I54-E54=0, " 0.00%", I54/E54-1) -> 0.00%
A55: Rate Rider for Recovery of Incremental Capital | B55: per kWh | C55: =C19 -> 0.0008 | D55: =$C$45 -> 800 | E55: =C55*D55 -> 0.64 | G55: =G19 -> 0.0008 | H55: =$C$45 -> 800 | I55: =G55*H55 -> 0.64 | K55: =I55-E55 -> 0 | L55: =IF(I55-E55=0, " 0.00%", I55/E55-1) -> 0.00%
A56: Sub-Total A (excluding pass through) | C56: =C20 -> 0 | E56: =SUM(E50:E55) -> 31.4123 | G56: =G20 -> 0 | I56: =SUM(I50:I55) -> 31.2682 | K56: =I56-E56 -> -0.1441 | L56: =IF(I56-E56=0, " 0.00%", I56/E56-1) -> -0.004587375
A57: Line Losses on Cost of Power | B57: per kWh | C57: =C21 -> 0.10214 | D57: =($C$45*$C$46)-$C$45 -> 34.48 | E57: =C57*D57 -> 3.5217872 | G57: =G21 -> 0.10214 | H57: =($C$45*$C$46)-$C$45 -> 34.48 | I57: =G57*H57 -> 3.5217872 | K57: =I57-E57 -> 0 | L57: =IF(I57-E57=0, " 0.00%", I57/E57-1) -> 0.00%
A58: Total Deferral/Variance Account Rate Riders | B58: per kWh | C58: =C22 -> 0 | D58: 0 | E58: 0 | G58: =G22 -> 0 | H58: 0 | I58: 0 | K58: =I58-E58 -> 0 | L58: =IF(I58-E58=0, " 0.00%", I58/E58-1) -> 0.00%
A59: Smart Meter Entity Charge | B59: Monthly | C59: =C23 -> 0.79 | D59: 1 | E59: =C59*D59 -> 0.79 | G59: =G23 -> 0.79 | H59: 1 | I59: =G59*H59 -> 0.79 | K59: =I59-E59 -> 0 | L59: =IF(I59-E59=0, " 0.00%", I59/E59-1) -> 0.00%
A60: Sub-Total B - Distribution (includes Sub-Total A) | C60: =C24 -> 0 | E60: =SUM(E56:E59) -> 35.724087 | G60: =G24 -> 0 | I60: =SUM(I56:I59) -> 35.579987 | K60: =I60-E60 -> -0.1441 | L60: =IF(I60-E60=0, " 0.00%", I60/E60-1) -> -0.004033693
A61: RTSR - Network | B61: per kWh | C61: =C25 -> 0.0075 | D61: =$C$45*$C$46 -> 834.48 | E61: =C61*D61 -> 6.2586 | G61: =G25 -> 0.0075 | H61: =$C$45*$C$46 -> 834.48 | I61: =G61*H61 -> 6.2586 | K61: =I61-E61 -> 0 | L61: =IF(I61-E61=0, " 0.00%", I61/E61-1) -> 0.00%
A62: RTSR - Connection and/or Line and Transformation Connection | B62: per kWh | C62: =C26 -> 0.0054 | D62: =$C$45*$C$46 -> 834.48 | E62: =C62*D62 -> 4.506192 | G62: =G26 -> 0.0054 | H62: =$C$45*$C$46 -> 834.48 | I62: =G62*H62 -> 4.506192 | K62: =I62-E62 -> 0 | L62: =IF(I62-E62=0, " 0.00%", I62/E62-1) -> 0.00%
A63: Sub-Total C - Delivery (including Sub-Total B) | C63: =C27 -> 0 | E63: =SUM(E60:E62) -> 46.488879 | G63: =G27 -> 0 | I63: =SUM(I60:I62) -> 46.344779 | K63: =I63-E63 -> -0.1441 | L63: =IF(I63-E63=0, " 0.00%", I63/E63-1) -> -0.003099666
A64: Wholesale Market Service Charge (WMSC) | B64: per kWh | C64: =C28 -> 0.0044 | D64: =$C$45*$C$46 -> 834.48 | E64: =C64*D64 -> 3.671712 | G64: =G28 -> 0.0044 | H64: =$C$45*$C$46 -> 834.48 | I64: =G64*H64 -> 3.671712 | K64: =I64-E64 -> 0 | L64: =IF(I64-E64=0, " 0.00%", I64/E64-1) -> 0.00%
A65: Rural and Remote Rate Protection (RRRP) | B65: per kWh | C65: =C29 -> 0.0013 | D65: =$C$45*$C$46 -> 834.48 | E65: =C65*D65 -> 1.084824 | G65: =G29 -> 0.0013 | H65: =$C$45*$C$46 -> 834.48 | I65: =G65*H65 -> 1.084824 | K65: =I65-E65 -> 0 | L65: =IF(I65-E65=0, " 0.00%", I65/E65-1) -> 0.00%
A66: Standard Supply Service Charge | B66: Monthly | C66: =C30 -> 0.25 | D66: 1 | E66: =C66*D66 -> 0.25 | G66: =G30 -> 0.25 | H66: 1 | I66: =G66*H66 -> 0.25 | K66: =I66-E66 -> 0 | L66: =IF(I66-E66=0, " 0.00%", I66/E66-1) -> 0.00%
A67: TOU - Off Peak | B67: per kWh | C67: =C31 -> 0.08 | D67: =$C$45*0.64 -> 512 | E67: =C67*D67 -> 40.96 | G67: =G31 -> 0.08 | H67: =$C$45*0.64 -> 512 | I67: =G67*H67 -> 40.96 | K67: =I67-E67 -> 0 | L67: =IF(I67-E67=0, " 0.00%", I67/E67-1) -> 0.00%
A68: TOU - Mid Peak | B68: per kWh | C68: =C32 -> 0.122 | D68: =$C$45*0.18 -> 144 | E68: =C68*D68 -> 17.568 | G68: =G32 -> 0.122 | H68: =$C$45*0.18 -> 144 | I68: =G68*H68 -> 17.568 | K68: =I68-E68 -> 0 | L68: =IF(I68-E68=0, " 0.00%", I68/E68-1) -> 0.00%
A69: TOU - On Peak | B69: per kWh | C69: =C33 -> 0.161 | D69: =$C$45*0.18 -> 144 | E69: =C69*D69 -> 23.184 | G69: =G33 -> 0.161 | H69: =$C$45*0.18 -> 144 | I69: =G69*H69 -> 23.184 | K69: =I69-E69 -> 0 | L69: =IF(I69-E69=0, " 0.00%", I69/E69-1) -> 0.00%
A71: Total Bill on TOU (before Taxes) | E71: =SUM(E63:E69) -> 133.20742 | I71: =SUM(I63:I69) -> 133.06332 | K71: =I71-E71 -> -0.1441 | L71: =IF(I71-E71=0, " 0.00%", I71/E71-1) -> -0.0010817716
A72: HST | C72: 0.13 | E72: =E71*C72 -> 17.316964 | G72: 0.13 | I72: =I71*G72 -> 17.298231 | K72: =I72-E72 -> -0.018733 | L72: =IF(I72-E72=0, " 0.00%", I72/E72-1) -> -0.0010817716
A73: Total Bill (including HST) | E73: =E71+E72 -> 150.52438 | I73: =I71+I72 -> 150.36155 | K73: =I73-E73 -> -0.162833 | L73: =I73/E73-1 -> -0.0010817716
E74: 0 | I74: 0 | K74: =I74-E74 -> 0 | L74: 0
A75: Total Bill Including HST | E75: =E73+E74 -> 150.52438 | I75: =I73+I74 -> 150.36155 | K75: =I75-E75 -> -0.162833 | L75: =IF(I75-E75=0, " 0.00%", I75/E75-1) -> -0.0010817716
A79: Woodstock Residential Customer Class TOU
A81: Consumption kWh | C81: ='2017 Bill Impact'!C81 -> 1500
A82: Loss Adjustment Factor | C82: ='2017 Bill Impact'!C82 -> 1.0431
C84: Proposed January 1 2017 | G84: Proposed January 1 2018 | K84: Impact
C85: Rate ($) | D85: Volume | E85: Charge ($) | G85: Rate ($) | H85: Volume | I85: Charge ($) | K85: $ Change | L85: % Change
A86: Monthly Service Charge | B86: Monthly | C86: =C50 -> 19.77 | D86: 1 | E86: =C86*D86 -> 19.77 | G86: =G50 -> 23.18 | H86: 1 | I86: =G86*H86 -> 23.18 | K86: =I86-E86 -> 3.41 | L86: =IF(I86-E86=0, " 0.00%", I86/E86-1) -> 0.17248356
A87: Rate Rider per Hydro One Networks' Acquisition Agreement | B87: Monthly | C87: =C51 -> -0.1977 | D87: 1 | E87: =C87*D87 -> -0.1977 | G87: =G51 -> -0.2318 | H87: 1 | I87: =G87*H87 -> -0.2318 | K87: =I87-E87 -> -0.0341 | L87: =IF(I87-E87=0, " 0.00%", I87/E87-1) -> 0.17248356
A88: Rate Rider for Recovery of Smart Meter Incremental Revenue Requirements | B88: Monthly | C88: =C52 -> 0.64 | D88: 1 | E88: =C88*D88 -> 0.64 | G88: =G52 -> 0.64 | H88: 1 | I88: =G88*H88 -> 0.64 | K88: =I88-E88 -> 0 | L88: =IF(I88-E88=0, " 0.00%", I88/E88-1) -> 0.00%
A89: Distribution Volumetric Rate | B89: per kWh | C89: =C53 -> 0.0133 | D89: =$C$81 -> 1500 | E89: =C89*D89 -> 19.95 | G89: =G53 -> 0.0089 | H89: =$C$81 -> 1500 | I89: =G89*H89 -> 13.35 | K89: =I89-E89 -> -6.6 | L89: =IF(I89-E89=0, " 0.00%", I89/E89-1) -> -0.33082707
A90: Rate Rider per Hydro One Networks' Acquisition Agreement | B90: per kWh | C90: =C54 -> -0.0001 | D90: =$C$81 -> 1500 | E90: =C90*D90 -> -0.15 | G90: =G54 -> -0.0001 | H90: =$C$81 -> 1500 | I90: =G90*H90 -> -0.15 | K90: =I90-E90 -> 0 | L90: =IF(I90-E90=0, " 0.00%", I90/E90-1) -> 0.00%
A91: Rate Rider for Recovery of Incremental Capital | B91: per kWh | C91: =C55 -> 0.0008 | D91: =$C$81 -> 1500 | E91: =C91*D91 -> 1.2 | G91: =G55 -> 0.0008 | H91: =$C$81 -> 1500 | I91: =G91*H91 -> 1.2 | K91: =I91-E91 -> 0 | L91: =IF(I91-E91=0, " 0.00%", I91/E91-1) -> 0.00%
A92: Sub-Total A (excluding pass through) | C92: =C56 -> 0 | E92: =SUM(E86:E91) -> 41.2123 | G92: =G56 -> 0 | I92: =SUM(I86:I91) -> 37.9882 | K92: =I92-E92 -> -3.2241 | L92: =IF(I92-E92=0, " 0.00%", I92/E92-1) -> -0.078231499
A93: Line Losses on Cost of Power | B93: per kWh | C93: =C57 -> 0.10214 | D93: =($C$81*$C$46)-$C$81 -> 64.65 | E93: =C93*D93 -> 6.603351 | G93: =G57 -> 0.10214 | H93: =($C$81*$C$46)-$C$81 -> 64.65 | I93: =G93*H93 -> 6.603351 | K93: =I93-E93 -> 0 | L93: =IF(I93-E93=0, " 0.00%", I93/E93-1) -> 0.00%
A94: Total Deferral/Variance Account Rate Riders | B94: per kWh | C94: =C58 -> 0 | D94: 0 | E94: 0 | G94: =G58 -> 0 | H94: 0 | I94: 0 | K94: =I94-E94 -> 0 | L94: =IF(I94-E94=0, " 0.00%", I94/E94-1) -> 0.00%
A95: Smart Meter Entity Charge | B95: Monthly | C95: =C59 -> 0.79 | D95: 1 | E95: =C95*D95 -> 0.79 | G95: =G59 -> 0.79 | H95: 1 | I95: =G95*H95 -> 0.79 | K95: =I95-E95 -> 0 | L95: =IF(I95-E95=0, " 0.00%", I95/E95-1) -> 0.00%
A96: Sub-Total B - Distribution (includes Sub-Total A) | C96: =C60 -> 0 | E96: =SUM(E92:E95) -> 48.605651 | G96: =G60 -> 0 | I96: =SUM(I92:I95) -> 45.381551 | K96: =I96-E96 -> -3.2241 | L96: =IF(I96-E96=0, " 0.00%", I96/E96-1) -> -0.066331793
A97: RTSR - Network | B97: per kWh | C97: =C61 -> 0.0075 | D97: =$C$81*$C$46 -> 1564.65 | E97: =C97*D97 -> 11.734875 | G97: =G61 -> 0.0075 | H97: =$C$81*$C$46 -> 1564.65 | I97: =G97*H97 -> 11.734875 | K97: =I97-E97 -> 0 | L97: =IF(I97-E97=0, " 0.00%", I97/E97-1) -> 0.00%
A98: RTSR - Connection and/or Line and Transformation Connection | B98: per kWh | C98: =C62 -> 0.0054 | D98: =$C$81*$C$46 -> 1564.65 | E98: =C98*D98 -> 8.44911 | G98: =G62 -> 0.0054 | H98: =$C$81*$C$46 -> 1564.65 | I98: =G98*H98 -> 8.44911 | K98: =I98-E98 -> 0 | L98: =IF(I98-E98=0, " 0.00%", I98/E98-1) -> 0.00%
A99: Sub-Total C - Delivery (including Sub-Total B) | C99: =C63 -> 0 | E99: =SUM(E96:E98) -> 68.789636 | G99: =G63 -> 0 | I99: =SUM(I96:I98) -> 65.565536 | K99: =I99-E99 -> -3.2241 | L99: =IF(I99-E99=0, " 0.00%", I99/E99-1) -> -0.046868979
A100: Wholesale Market Service Charge (WMSC) | B100: per kWh | C100: =C64 -> 0.0044 | D100: =$C$81*$C$46 -> 1564.65 | E100: =C100*D100 -> 6.88446 | G100: =G64 -> 0.0044 | H100: =$C$81*$C$46 -> 1564.65 | I100: =G100*H100 -> 6.88446 | K100: =I100-E100 -> 0 | L100: =IF(I100-E100=0, " 0.00%", I100/E100-1) -> 0.00%
A101: Rural and Remote Rate Protection (RRRP) | B101: per kWh | C101: =C65 -> 0.0013 | D101: =$C$81*$C$46 -> 1564.65 | E101: =C101*D101 -> 2.034045 | G101: =G65 -> 0.0013 | H101: =$C$81*$C$46 -> 1564.65 | I101: =G101*H101 -> 2.034045 | K101: =I101-E101 -> 0 | L101: =IF(I101-E101=0, " 0.00%", I101/E101-1) -> 0.00%
A102: Standard Supply Service Charge | B102: Monthly | C102: =C66 -> 0.25 | D102: 1 | E102: =C102*D102 -> 0.25 | G102: =G66 -> 0.25 | H102: 1 | I102: =G102*H102 -> 0.25 | K102: =I102-E102 -> 0 | L102: =IF(I102-E102=0, " 0.00%", I102/E102-1) -> 0.00%
A103: TOU - Off Peak | B103: per kWh | C103: =C67 -> 0.08 | D103: =$C$81*0.64 -> 960 | E103: =C103*D103 -> 76.8 | G103: =G67 -> 0.08 | H103: =$C$81*0.64 -> 960 | I103: =G103*H103 -> 76.8 | K103: =I103-E103 -> 0 | L103: =IF(I103-E103=0, " 0.00%", I103/E103-1) -> 0.00%
A104: TOU - Mid Peak | B104: per kWh | C104: =C68 -> 0.122 | D104: =$C$81*0.18 -> 270 | E104: =C104*D104 -> 32.94 | G104: =G68 -> 0.122 | H104: =$C$81*0.18 -> 270 | I104: =G104*H104 -> 32.94 | K104: =I104-E104 -> 0 | L104: =IF(I104-E104=0, " 0.00%", I104/E104-1) -> 0.00%
A105: TOU - On Peak | B105: per kWh | C105: =C69 -> 0.161 | D105: =$C$81*0.18 -> 270 | E105: =C105*D105 -> 43.47 | G105: =G69 -> 0.161 | H105: =$C$81*0.18 -> 270 | I105: =G105*H105 -> 43.47 | K105: =I105-E105 -> 0 | L105: =IF(I105-E105=0, " 0.00%", I105/E105-1) -> 0.00%
A107: Total Bill on TOU (before Taxes) | E107: =SUM(E99:E105) -> 231.16814 | I107: =SUM(I99:I105) -> 227.94404 | K107: =I107-E107 -> -3.2241 | L107: =IF(I107-E107=0, " 0.00%", I107/E107-1) -> -0.013946991
A108: HST | C108: 0.13 | E108: =E107*C108 -> 30.051858 | G108: 0.13 | I108: =I107*G108 -> 29.632725 | K108: =I108-E108 -> -0.419133 | L108: =IF(I108-E108=0, " 0.00%", I108/E108-1) -> -0.013946991
A109: Total Bill (including HST) | E109: =E107+E108 -> 261.22 | I109: =I107+I108 -> 257.57677 | K109: =I109-E109 -> -3.643233 | L109: =I109/E109-1 -> -0.013946991
E110: 0 | I110: 0 | K110: =I110-E110 -> 0 | L110: 0
A111: Total Bill Including HST | E111: =E109+E110 -> 261.22 | I111: =I109+I110 -> 257.57677 | K111: =I111-E111 -> -3.643233 | L111: =IF(I111-E111=0, " 0.00%", I111/E111-1) -> -0.013946991

Sheet 2019 Bill Impact
A7: Woodstock Residential Customer Class TOU
A9: Consumption kWh | C9: ='2018 Bill Impact'!C9 -> 285
A10: Loss Adjustment Factor | C10: ='2018 Bill Impact'!C10 -> 1.0431
C12: Proposed January 1 2018 | G12: Proposed January 1 2019 | K12: Impact
C13: Rate ($) | D13: Volume | E13: Charge ($) | G13: Rate ($) | H13: Volume | I13: Charge ($) | K13: $ Change | L13: % Change
A14: Monthly Service Charge | B14: Monthly | C14: ='2018 Bill Impact'!G14 -> 23.18 | D14: 1 | E14: =C14*D14 -> 23.18 | G14: ='App.2-PA_Res_Rate_Design_19'!D43 -> 26.57 | H14: 1 | I14: =G14*H14 -> 26.57 | K14: =I14-E14 -> 3.39 | L14: =IF(I14-E14=0, " 0.00%", I14/E14-1) -> 0.14624676
A15: Rate Rider per Hydro One Networks' Acquisition Agreement | B15: Monthly | C15: ='2018 Bill Impact'!G15 -> -0.2318 | D15: 1 | E15: =C15*D15 -> -0.2318 | G15: =-G14*0.01 -> -0.2657 | H15: 1 | I15: =G15*H15 -> -0.2657 | K15: =I15-E15 -> -0.0339 | L15: =IF(I15-E15=0, " 0.00%", I15/E15-1) -> 0.14624676
A16: Rate Rider for Recovery of Smart Meter Incremental Revenue Requirements | B16: Monthly | C16: ='2018 Bill Impact'!G16 -> 0.64 | D16: 1 | E16: =C16*D16 -> 0.64 | G16: 0.64 | H16: 1 | I16: =G16*H16 -> 0.64 | K16: =I16-E16 -> 0 | L16: =IF(I16-E16=0, " 0.00%", I16/E16-1) -> 0.00%
A17: Distribution Volumetric Rate | B17: per kWh | C17: ='2018 Bill Impact'!G17 -> 0.0089 | D17: =$C$9 -> 285 | E17: =C17*D17 -> 2.5365 | G17: ='App.2-PA_Res_Rate_Design_19'!D44 -> 0.0044 | H17: =$C$9 -> 285 | I17: =G17*H17 -> 1.254 | K17: =I17-E17 -> -1.2825 | L17: =IF(I17-E17=0, " 0.00%", I17/E17-1) -> -0.50561798
A18: Rate Rider per Hydro One Networks' Acquisition Agreement | B18: per kWh | C18: ='2018 Bill Impact'!G18 -> -0.0001 | D18: =$C$9 -> 285 | E18: =C18*D18 -> -0.0285 | G18: =-ROUND(G17*0.01,5) -> -4e-05 | H18: =$C$9 -> 285 | I18: =G18*H18 -> -0.0114 | K18: =I18-E18 -> 0.0171 | L18: =IF(I18-E18=0, " 0.00%", I18/E18-1) -> -0.6
A19: Rate Rider for Recovery of Incremental Capital | B19: per kWh | C19: ='2018 Bill Impact'!G19 -> 0.0008 | D19: =$C$9 -> 285 | E19: =C19*D19 -> 0.228 | G19: 0.0008 | H19: =$C$9 -> 285 | I19: =G19*H19 -> 0.228 | K19: =I19-E19 -> 0 | L19: =IF(I19-E19=0, " 0.00%", I19/E19-1) -> 0.00%
A20: Sub-Total A (excluding pass through) | C20: ='2018 Bill Impact'!G20 -> 0 | E20: =SUM(E14:E19) -> 26.3242 | I20: =SUM(I14:I19) -> 28.4149 | K20: =I20-E20 -> 2.0907 | L20: =IF(I20-E20=0, " 0.00%", I20/E20-1) -> 0.079421217
A21: Line Losses on Cost of Power | B21: per kWh | C21: ='2018 Bill Impact'!G21 -> 0.10214 | D21: =($C$9*$C$10)-$C$9 -> 12.2835 | E21: =C21*D21 -> 1.2546367 | G21: =G31*0.64+G32*0.18+G33*0.18 -> 0.10214 | H21: =($C$9*$C$10)-$C$9 -> 12.2835 | I21: =G21*H21 -> 1.2546367 | K21: =I21-E21 -> 0 | L21: =IF(I21-E21=0, " 0.00%", I21/E21-1) -> 0.00%
A22: Total Deferral/Variance Account Rate Riders | B22: per kWh | C22: ='2018 Bill Impact'!G22 -> 0 | D22: 0 | E22: 0 | G22: 0 | H22: 0 | I22: 0 | K22: =I22-E22 -> 0 | L22: =IF(I22-E22=0, " 0.00%", I22/E22-1) -> 0.00%
A23: Smart Meter Entity Charge | B23: Monthly | C23: ='2018 Bill Impact'!G23 -> 0.79 | D23: 1 | E23: =C23*D23 -> 0.79 | G23: 0 | H23: 1 | I23: =G23*H23 -> 0 | K23: =I23-E23 -> -0.79 | L23: =IF(I23-E23=0, " 0.00%", I23/E23-1) -> -1
A24: Sub-Total B - Distribution (includes Sub-Total A) | C24: ='2018 Bill Impact'!G24 -> 0 | E24: =SUM(E20:E23) -> 28.368837 | I24: =SUM(I20:I23) -> 29.669537 | K24: =I24-E24 -> 1.3007 | L24: =IF(I24-E24=0, " 0.00%", I24/E24-1) -> 0.045849607
A25: RTSR - Network | B25: per kWh | C25: ='2018 Bill Impact'!G25 -> 0.0075 | D25: =$C$9*$C$10 -> 297.2835 | E25: =C25*D25 -> 2.2296262 | G25: 0.0075 | H25: =$C$9*$C$10 -> 297.2835 | I25: =G25*H25 -> 2.2296262 | K25: =I25-E25 -> 0 | L25: =IF(I25-E25=0, " 0.00%", I25/E25-1) -> 0.00%
A26: RTSR - Connection and/or Line and Transformation Connection | B26: per kWh | C26: ='2018 Bill Impact'!G26 -> 0.0054 | D26: =$C$9*$C$10 -> 297.2835 | E26: =C26*D26 -> 1.6053309 | G26: 0.0054 | H26: =$C$9*$C$10 -> 297.2835 | I26: =G26*H26 -> 1.6053309 | K26: =I26-E26 -> 0 | L26: =IF(I26-E26=0, " 0.00%", I26/E26-1) -> 0.00%
A27: Sub-Total C - Delivery (including Sub-Total B) | C27: ='2018 Bill Impact'!G27 -> 0 | E27: =SUM(E24:E26) -> 32.203794 | I27: =SUM(I24:I26) -> 33.504494 | K27: =I27-E27 -> 1.3007 | L27: =IF(I27-E27=0, " 0.00%", I27/E27-1) -> 0.040389651
A28: Wholesale Market Service Charge (WMSC) | B28: per kWh | C28: ='2018 Bill Impact'!G28 -> 0.0044 | D28: =$C$9*$C$10 -> 297.2835 | E28: =C28*D28 -> 1.3080474 | G28: 0.0044 | H28: =$C$9*$C$10 -> 297.2835 | I28: =G28*H28 -> 1.3080474 | K28: =I28-E28 -> 0 | L28: =IF(I28-E28=0, " 0.00%", I28/E28-1) -> 0.00%
A29: Rural and Remote Rate Protection (RRRP) | B29: per kWh | C29: ='2018 Bill Impact'!G29 -> 0.0013 | D29: =$C$9*$C$10 -> 297.2835 | E29: =C29*D29 -> 0.38646855 | G29: 0.0013 | H29: =$C$9*$C$10 -> 297.2835 | I29: =G29*H29 -> 0.38646855 | K29: =I29-E29 -> 0 | L29: =IF(I29-E29=0, " 0.00%", I29/E29-1) -> 0.00%
A30: Standard Supply Service Charge | B30: Monthly | C30: ='2018 Bill Impact'!G30 -> 0.25 | D30: 1 | E30: =C30*D30 -> 0.25 | G30: 0.25 | H30: 1 | I30: =G30*H30 -> 0.25 | K30: =I30-E30 -> 0 | L30: =IF(I30-E30=0, " 0.00%", I30/E30-1) -> 0.00%
A31: TOU - Off Peak | B31: per kWh | C31: ='2018 Bill Impact'!G31 -> 0.08 | D31: =$C$9*0.64 -> 182.4 | E31: =C31*D31 -> 14.592 | G31: 0.08 | H31: =$C$9*0.64 -> 182.4 | I31: =G31*H31 -> 14.592 | K31: =I31-E31 -> 0 | L31: =IF(I31-E31=0, " 0.00%", I31/E31-1) -> 0.00%
A32: TOU - Mid Peak | B32: per kWh | C32: ='2018 Bill Impact'!G32 -> 0.122 | D32: =$C$9*0.18 -> 51.3 | E32: =C32*D32 -> 6.2586 | G32: 0.122 | H32: =$C$9*0.18 -> 51.3 | I32: =G32*H32 -> 6.2586 | K32: =I32-E32 -> 0 | L32: =IF(I32-E32=0, " 0.00%", I32/E32-1) -> 0.00%
A33: TOU - On Peak | B33: per kWh | C33: ='2018 Bill Impact'!G33 -> 0.161 | D33: =$C$9*0.18 -> 51.3 | E33: =C33*D33 -> 8.2593 | G33: 0.161 | H33: =$C$9*0.18 -> 51.3 | I33: =G33*H33 -> 8.2593 | K33: =I33-E33 -> 0 | L33: =IF(I33-E33=0, " 0.00%", I33/E33-1) -> 0.00%
A35: Total Bill on TOU (before Taxes) | E35: =SUM(E27:E33) -> 63.25821 | I35: =SUM(I27:I33) -> 64.55891 | K35: =I35-E35 -> 1.3007 | L35: =IF(I35-E35=0, " 0.00%", I35/E35-1) -> 0.020561758
A36: HST | C36: 0.13 | E36: =E35*C36 -> 8.2235673 | G36: 0.13 | I36: =I35*G36 -> 8.3926583 | K36: =I36-E36 -> 0.169091 | L36: =IF(I36-E36=0, " 0.00%", I36/E36-1) -> 0.020561758
A37: Total Bill (including HST) | E37: =E35+E36 -> 71.481777 | I37: =I35+I36 -> 72.951568 | K37: =I37-E37 -> 1.469791 | L37: =I37/E37-1 -> 0.020561758
E38: 0 | I38: 0 | K38: =I38-E38 -> 0 | L38: 0
A39: Total Bill Including HST | E39: =E37+E38 -> 71.481777 | I39: =I37+I38 -> 72.951568 | K39: =I39-E39 -> 1.469791 | L39: =IF(I39-E39=0, " 0.00%", I39/E39-1) -> 0.020561758
A43: Woodstock Residential Customer Class TOU
A45: Consumption kWh | C45: ='2018 Bill Impact'!C45 -> 800
A46: Loss Adjustment Factor | C46: ='2018 Bill Impact'!C46 -> 1.0431
C48: Proposed January 1 2018 | G48: Proposed January 1 2019 | K48: Impact
C49: Rate ($) | D49: Volume | E49: Charge ($) | G49: Rate ($) | H49: Volume | I49: Charge ($) | K49: $ Change | L49: % Change
A50: Monthly Service Charge | B50: Monthly | C50: =C14 -> 23.18 | D50: 1 | E50: =C50*D50 -> 23.18 | G50: =G14 -> 26.57 | H50: 1 | I50: =G50*H50 -> 26.57 | K50: =I50-E50 -> 3.39 | L50: =IF(I50-E50=0, " 0.00%", I50/E50-1) -> 0.14624676
A51: Rate Rider per Hydro One Networks' Acquisition Agreement | B51: Monthly | C51: =C15 -> -0.2318 | D51: 1 | E51: =C51*D51 -> -0.2318 | G51: =G15 -> -0.2657 | H51: 1 | I51: =G51*H51 -> -0.2657 | K51: =I51-E51 -> -0.0339 | L51: =IF(I51-E51=0, " 0.00%", I51/E51-1) -> 0.14624676
A52: Rate Rider for Recovery of Smart Meter Incremental Revenue Requirements | B52: Monthly | C52: =C16 -> 0.64 | D52: 1 | E52: =C52*D52 -> 0.64 | G52: =G16 -> 0.64 | H52: 1 | I52: =G52*H52 -> 0.64 | K52: =I52-E52 -> 0 | L52: =IF(I52-E52=0, " 0.00%", I52/E52-1) -> 0.00%
A53: Distribution Volumetric Rate | B53: per kWh | C53: =C17 -> 0.0089 | D53: =$C$45 -> 800 | E53: =C53*D53 -> 7.12 | G53: =G17 -> 0.0044 | H53: =$C$45 -> 800 | I53: =G53*H53 -> 3.52 | K53: =I53-E53 -> -3.6 | L53: =IF(I53-E53=0, " 0.00%", I53/E53-1) -> -0.50561798
A54: Rate Rider per Hydro One Networks' Acquisition Agreement | B54: per kWh | C54: =C18 -> -0.0001 | D54: =$C$45 -> 800 | E54: =C54*D54 -> -0.08 | G54: =G18 -> -4e-05 | H54: =$C$45 -> 800 | I54: =G54*H54 -> -0.032 | K54: =I54-E54 -> 0.048 | L54: =IF(I54-E54=0, " 0.00%", I54/E54-1) -> -0.6
A55: Rate Rider for Recovery of Incremental Capital | B55: per kWh | C55: =C19 -> 0.0008 | D55: =$C$45 -> 800 | E55: =C55*D55 -> 0.64 | G55: =G19 -> 0.0008 | H55: =$C$45 -> 800 | I55: =G55*H55 -> 0.64 | K55: =I55-E55 -> 0 | L55: =IF(I55-E55=0, " 0.00%", I55/E55-1) -> 0.00%
A56: Sub-Total A (excluding pass through) | E56: =SUM(E50:E55) -> 31.2682 | I56: =SUM(I50:I55) -> 31.0723 | K56: =I56-E56 -> -0.1959 | L56: =IF(I56-E56=0, " 0.00%", I56/E56-1) -> -0.0062651512
A57: Line Losses on Cost of Power | B57: per kWh | C57: =C21 -> 0.10214 | D57: =($C$45*$C$46)-$C$45 -> 34.48 | E57: =C57*D57 -> 3.5217872 | G57: =G21 -> 0.10214 | H57: =($C$45*$C$46)-$C$45 -> 34.48 | I57: =G57*H57 -> 3.5217872 | K57: =I57-E57 -> 0 | L57: =IF(I57-E57=0, " 0.00%", I57/E57-1) -> 0.00%
A58: Total Deferral/Variance Account Rate Riders | B58: per kWh | C58: =C22 -> 0 | D58: 0 | E58: 0 | G58: =G22 -> 0 | H58: 0 | I58: 0 | K58: =I58-E58 -> 0 | L58: =IF(I58-E58=0, " 0.00%", I58/E58-1) -> 0.00%
A59: Smart Meter Entity Charge | B59: Monthly | C59: =C23 -> 0.79 | D59: 1 | E59: =C59*D59 -> 0.79 | G59: =G23 -> 0 | H59: 1 | I59: =G59*H59 -> 0 | K59: =I59-E59 -> -0.79 | L59: =IF(I59-E59=0, " 0.00%", I59/E59-1) -> -1
A60: Sub-Total B - Distribution (includes Sub-Total A) | E60: =SUM(E56:E59) -> 35.579987 | I60: =SUM(I56:I59) -> 34.594087 | K60: =I60-E60 -> -0.9859 | L60: =IF(I60-E60=0, " 0.00%", I60/E60-1) -> -0.027709397
A61: RTSR - Network | B61: per kWh | C61: =C25 -> 0.0075 | D61: =$C$45*$C$46 -> 834.48 | E61: =C61*D61 -> 6.2586 | G61: =G25 -> 0.0075 | H61: =$C$45*$C$46 -> 834.48 | I61: =G61*H61 -> 6.2586 | K61: =I61-E61 -> 0 | L61: =IF(I61-E61=0, " 0.00%", I61/E61-1) -> 0.00%
A62: RTSR - Connection and/or Line and Transformation Connection | B62: per kWh | C62: =C26 -> 0.0054 | D62: =$C$45*$C$46 -> 834.48 | E62: =C62*D62 -> 4.506192 | G62: =G26 -> 0.0054 | H62: =$C$45*$C$46 -> 834.48 | I62: =G62*H62 -> 4.506192 | K62: =I62-E62 -> 0 | L62: =IF(I62-E62=0, " 0.00%", I62/E62-1) -> 0.00%
A63: Sub-Total C - Delivery (including Sub-Total B) | E63: =SUM(E60:E62) -> 46.344779 | I63: =SUM(I60:I62) -> 45.358879 | K63: =I63-E63 -> -0.9859 | L63: =IF(I63-E63=0, " 0.00%", I63/E63-1) -> -0.021273162
A64: Wholesale Market Service Charge (WMSC) | B64: per kWh | C64: =C28 -> 0.0044 | D64: =$C$45*$C$46 -> 834.48 | E64: =C64*D64 -> 3.671712 | G64: =G28 -> 0.0044 | H64: =$C$45*$C$46 -> 834.48 | I64: =G64*H64 -> 3.671712 | K64: =I64-E64 -> 0 | L64: =IF(I64-E64=0, " 0.00%", I64/E64-1) -> 0.00%
A65: Rural and Remote Rate Protection (RRRP) | B65: per kWh | C65: =C29 -> 0.0013 | D65: =$C$45*$C$46 -> 834.48 | E65: =C65*D65 -> 1.084824 | G65: =G29 -> 0.0013 | H65: =$C$45*$C$46 -> 834.48 | I65: =G65*H65 -> 1.084824 | K65: =I65-E65 -> 0 | L65: =IF(I65-E65=0, " 0.00%", I65/E65-1) -> 0.00%
A66: Standard Supply Service Charge | B66: Monthly | C66: =C30 -> 0.25 | D66: 1 | E66: =C66*D66 -> 0.25 | G66: =G30 -> 0.25 | H66: 1 | I66: =G66*H66 -> 0.25 | K66: =I66-E66 -> 0 | L66: =IF(I66-E66=0, " 0.00%", I66/E66-1) -> 0.00%
A67: TOU - Off Peak | B67: per kWh | C67: =C31 -> 0.08 | D67: =$C$45*0.64 -> 512 | E67: =C67*D67 -> 40.96 | G67: =G31 -> 0.08 | H67: =$C$45*0.64 -> 512 | I67: =G67*H67 -> 40.96 | K67: =I67-E67 -> 0 | L67: =IF(I67-E67=0, " 0.00%", I67/E67-1) -> 0.00%
A68: TOU - Mid Peak | B68: per kWh | C68: =C32 -> 0.122 | D68: =$C$45*0.18 -> 144 | E68: =C68*D68 -> 17.568 | G68: =G32 -> 0.122 | H68: =$C$45*0.18 -> 144 | I68: =G68*H68 -> 17.568 | K68: =I68-E68 -> 0 | L68: =IF(I68-E68=0, " 0.00%", I68/E68-1) -> 0.00%
A69: TOU - On Peak | B69: per kWh | C69: =C33 -> 0.161 | D69: =$C$45*0.18 -> 144 | E69: =C69*D69 -> 23.184 | G69: =G33 -> 0.161 | H69: =$C$45*0.18 -> 144 | I69: =G69*H69 -> 23.184 | K69: =I69-E69 -> 0 | L69: =IF(I69-E69=0, " 0.00%", I69/E69-1) -> 0.00%
A71: Total Bill on TOU (before Taxes) | E71: =SUM(E63:E69) -> 133.06332 | I71: =SUM(I63:I69) -> 132.07742 | K71: =I71-E71 -> -0.9859 | L71: =IF(I71-E71=0, " 0.00%", I71/E71-1) -> -0.0074092547
A72: HST | C72: 0.13 | E72: =E71*C72 -> 17.298231 | G72: 0.13 | I72: =I71*G72 -> 17.170064 | K72: =I72-E72 -> -0.128167 | L72: =IF(I72-E72=0, " 0.00%", I72/E72-1) -> -0.0074092547
A73: Total Bill (including HST) | E73: =E71+E72 -> 150.36155 | I73: =I71+I72 -> 149.24748 | K73: =I73-E73 -> -1.114067 | L73: =I73/E73-1 -> -0.0074092547
E74: 0 | I74: 0 | K74: =I74-E74 -> 0 | L74: 0
A75: Total Bill Including HST | E75: =E73+E74 -> 150.36155 | I75: =I73+I74 -> 149.24748 | K75: =I75-E75 -> -1.114067 | L75: =IF(I75-E75=0, " 0.00%", I75/E75-1) -> -0.0074092547
A79: Woodstock Residential Customer Class TOU
A81: Consumption kWh | C81: ='2018 Bill Impact'!C81 -> 1500
A82: Loss Adjustment Factor | C82: ='2018 Bill Impact'!C82 -> 1.0431
C84: Proposed January 1 2018 | G84: Proposed January 1 2019 | K84: Impact
C85: Rate ($) | D85: Volume | E85: Charge ($) | G85: Rate ($) | H85: Volume | I85: Charge ($) | K85: $ Change | L85: % Change
A86: Monthly Service Charge | B86: Monthly | C86: =C50 -> 23.18 | D86: 1 | E86: =C86*D86 -> 23.18 | G86: =G50 -> 26.57 | H86: 1 | I86: =G86*H86 -> 26.57 | K86: =I86-E86 -> 3.39 | L86: =IF(I86-E86=0, " 0.00%", I86/E86-1) -> 0.14624676
A87: Rate Rider per Hydro One Networks' Acquisition Agreement | B87: Monthly | C87: =C51 -> -0.2318 | D87: 1 | E87: =C87*D87 -> -0.2318 | G87: =G51 -> -0.2657 | H87: 1 | I87: =G87*H87 -> -0.2657 | K87: =I87-E87 -> -0.0339 | L87: =IF(I87-E87=0, " 0.00%", I87/E87-1) -> 0.14624676
A88: Rate Rider for Recovery of Smart Meter Incremental Revenue Requirements | B88: Monthly | C88: =C52 -> 0.64 | D88: 1 | E88: =C88*D88 -> 0.64 | G88: =G52 -> 0.64 | H88: 1 | I88: =G88*H88 -> 0.64 | K88: =I88-E88 -> 0 | L88: =IF(I88-E88=0, " 0.00%", I88/E88-1) -> 0.00%
A89: Distribution Volumetric Rate | B89: per kWh | C89: =C53 -> 0.0089 | D89: =$C$81 -> 1500 | E89: =C89*D89 -> 13.35 | G89: =G53 -> 0.0044 | H89: =$C$81 -> 1500 | I89: =G89*H89 -> 6.6 | K89: =I89-E89 -> -6.75 | L89: =IF(I89-E89=0, " 0.00%", I89/E89-1) -> -0.50561798
A90: Rate Rider per Hydro One Networks' Acquisition Agreement | B90: per kWh | C90: =C54 -> -0.0001 | D90: =$C$81 -> 1500 | E90: =C90*D90 -> -0.15 | G90: =G54 -> -4e-05 | H90: =$C$81 -> 1500 | I90: =G90*H90 -> -0.06 | K90: =I90-E90 -> 0.09 | L90: =IF(I90-E90=0, " 0.00%", I90/E90-1) -> -0.6
A91: Rate Rider for Recovery of Incremental Capital | B91: per kWh | C91: =C55 -> 0.0008 | D91: =$C$81 -> 1500 | E91: =C91*D91 -> 1.2 | G91: =G55 -> 0.0008 | H91: =$C$81 -> 1500 | I91: =G91*H91 -> 1.2 | K91: =I91-E91 -> 0 | L91: =IF(I91-E91=0, " 0.00%", I91/E91-1) -> 0.00%
A92: Sub-Total A (excluding pass through) | E92: =SUM(E86:E91) -> 37.9882 | I92: =SUM(I86:I91) -> 34.6843 | K92: =I92-E92 -> -3.3039 | L92: =IF(I92-E92=0, " 0.00%", I92/E92-1) -> -0.086971744
A93: Line Losses on Cost of Power | B93: per kWh | C93: =C57 -> 0.10214 | D93: =($C$81*$C$46)-$C$81 -> 64.65 | E93: =C93*D93 -> 6.603351 | G93: =G57 -> 0.10214 | H93: =($C$81*$C$46)-$C$81 -> 64.65 | I93: =G93*H93 -> 6.603351 | K93: =I93-E93 -> 0 | L93: =IF(I93-E93=0, " 0.00%", I93/E93-1) -> 0.00%
A94: Total Deferral/Variance Account Rate Riders | B94: per kWh | C94: =C58 -> 0 | D94: 0 | E94: 0 | G94: =G58 -> 0 | H94: 0 | I94: 0 | K94: =I94-E94 -> 0 | L94: =IF(I94-E94=0, " 0.00%", I94/E94-1) -> 0.00%
A95: Smart Meter Entity Charge | B95: Monthly | C95: =C59 -> 0.79 | D95: 1 | E95: =C95*D95 -> 0.79 | G95: =G59 -> 0 | H95: 1 | I95: =G95*H95 -> 0 | K95: =I95-E95 -> -0.79 | L95: =IF(I95-E95=0, " 0.00%", I95/E95-1) -> -1
A96: Sub-Total B - Distribution (includes Sub-Total A) | E96: =SUM(E92:E95) -> 45.381551 | I96: =SUM(I92:I95) -> 41.287651 | K96: =I96-E96 -> -4.0939 | L96: =IF(I96-E96=0, " 0.00%", I96/E96-1) -> -0.090210667
A97: RTSR - Network | B97: per kWh | C97: =C61 -> 0.0075 | D97: =$C$81*$C$46 -> 1564.65 | E97: =C97*D97 -> 11.734875 | G97: =G61 -> 0.0075 | H97: =$C$81*$C$46 -> 1564.65 | I97: =G97*H97 -> 11.734875 | K97: =I97-E97 -> 0 | L97: =IF(I97-E97=0, " 0.00%", I97/E97-1) -> 0.00%
A98: RTSR - Connection and/or Line and Transformation Connection | B98: per kWh | C98: =C62 -> 0.0054 | D98: =$C$81*$C$46 -> 1564.65 | E98: =C98*D98 -> 8.44911 | G98: =G62 -> 0.0054 | H98: =$C$81*$C$46 -> 1564.65 | I98: =G98*H98 -> 8.44911 | K98: =I98-E98 -> 0 | L98: =IF(I98-E98=0, " 0.00%", I98/E98-1) -> 0.00%
A99: Sub-Total C - Delivery (including Sub-Total B) | E99: =SUM(E96:E98) -> 65.565536 | I99: =SUM(I96:I98) -> 61.471636 | K99: =I99-E99 -> -4.0939 | L99: =IF(I99-E99=0, " 0.00%", I99/E99-1) -> -0.062439816
A100: Wholesale Market Service Charge (WMSC) | B100: per kWh | C100: =C64 -> 0.0044 | D100: =$C$81*$C$46 -> 1564.65 | E100: =C100*D100 -> 6.88446 | G100: =G64 -> 0.0044 | H100: =$C$81*$C$46 -> 1564.65 | I100: =G100*H100 -> 6.88446 | K100: =I100-E100 -> 0 | L100: =IF(I100-E100=0, " 0.00%", I100/E100-1) -> 0.00%
A101: Rural and Remote Rate Protection (RRRP) | B101: per kWh | C101: =C65 -> 0.0013 | D101: =$C$81*$C$46 -> 1564.65 | E101: =C101*D101 -> 2.034045 | G101: =G65 -> 0.0013 | H101: =$C$81*$C$46 -> 1564.65 | I101: =G101*H101 -> 2.034045 | K101: =I101-E101 -> 0 | L101: =IF(I101-E101=0, " 0.00%", I101/E101-1) -> 0.00%
A102: Standard Supply Service Charge | B102: Monthly | C102: =C66 -> 0.25 | D102: 1 | E102: =C102*D102 -> 0.25 | G102: =G66 -> 0.25 | H102: 1 | I102: =G102*H102 -> 0.25 | K102: =I102-E102 -> 0 | L102: =IF(I102-E102=0, " 0.00%", I102/E102-1) -> 0.00%
A103: TOU - Off Peak | B103: per kWh | C103: =C67 -> 0.08 | D103: =$C$81*0.64 -> 960 | E103: =C103*D103 -> 76.8 | G103: =G67 -> 0.08 | H103: =$C$81*0.64 -> 960 | I103: =G103*H103 -> 76.8 | K103: =I103-E103 -> 0 | L103: =IF(I103-E103=0, " 0.00%", I103/E103-1) -> 0.00%
A104: TOU - Mid Peak | B104: per kWh | C104: =C68 -> 0.122 | D104: =$C$81*0.18 -> 270 | E104: =C104*D104 -> 32.94 | G104: =G68 -> 0.122 | H104: =$C$81*0.18 -> 270 | I104: =G104*H104 -> 32.94 | K104: =I104-E104 -> 0 | L104: =IF(I104-E104=0, " 0.00%", I104/E104-1) -> 0.00%
A105: TOU - On Peak | B105: per kWh | C105: =C69 -> 0.161 | D105: =$C$81*0.18 -> 270 | E105: =C105*D105 -> 43.47 | G105: =G69 -> 0.161 | H105: =$C$81*0.18 -> 270 | I105: =G105*H105 -> 43.47 | K105: =I105-E105 -> 0 | L105: =IF(I105-E105=0, " 0.00%", I105/E105-1) -> 0.00%
A107: Total Bill on TOU (before Taxes) | E107: =SUM(E99:E105) -> 227.94404 | I107: =SUM(I99:I105) -> 223.85014 | K107: =I107-E107 -> -4.0939 | L107: =IF(I107-E107=0, " 0.00%", I107/E107-1) -> -0.01796011
A108: HST | C108: 0.13 | E108: =E107*C108 -> 29.632725 | G108: 0.13 | I108: =I107*G108 -> 29.100518 | K108: =I108-E108 -> -0.532207 | L108: =IF(I108-E108=0, " 0.00%", I108/E108-1) -> -0.01796011
A109: Total Bill (including HST) | E109: =E107+E108 -> 257.57677 | I109: =I107+I108 -> 252.95066 | K109: =I109-E109 -> -4.626107 | L109: =I109/E109-1 -> -0.01796011
E110: 0 | I110: 0 | K110: =I110-E110 -> 0 | L110: 0
A111: Total Bill Including HST | E111: =E109+E110 -> 257.57677 | I111: =I109+I110 -> 252.95066 | K111: =I111-E111 -> -4.626107 | L111: =IF(I111-E111=0, " 0.00%", I111/E111-1) -> -0.01796011

Sheet 2020 Bill Impact
A7: Woodstock Residential Customer Class TOU
A9: Consumption kWh | C9: ='2019 Bill Impact'!C9 -> 285
A10: Loss Adjustment Factor | C10: ='2019 Bill Impact'!C10 -> 1.0431
C12: Proposed January 1 2019 | G12: Proposed January 1 2020 | K12: Impact
C13: Rate ($) | D13: Volume | E13: Charge ($) | G13: Rate ($) | H13: Volume | I13: Charge ($) | K13: $ Change | L13: % Change
A14: Monthly Service Charge | B14: Monthly | C14: ='2019 Bill Impact'!G14 -> 26.57 | D14: 1 | E14: =C14*D14 -> 26.57 | G14: =App.2PA_Res_Rate_Design_20!D43 -> 29.98 | H14: 1 | I14: =G14*H14 -> 29.98 | K14: =I14-E14 -> 3.41 | L14: =IF(I14-E14=0, " 0.00%", I14/E14-1) -> 0.12834023
A15: Rate Rider per Hydro One Networks' Acquisition Agreement | B15: Monthly | C15: ='2019 Bill Impact'!G15 -> -0.2657 | D15: 1 | E15: =C15*D15 -> -0.2657 | G15: =-G14*0.01 -> -0.2998 | H15: 1 | I15: =G15*H15 -> -0.2998 | K15: =I15-E15 -> -0.0341 | L15: =IF(I15-E15=0, " 0.00%", I15/E15-1) -> 0.12834023
A16: Rate Rider for Recovery of Smart Meter Incremental Revenue Requirements | B16: Monthly | C16: ='2019 Bill Impact'!G16 -> 0.64 | D16: 1 | E16: =C16*D16 -> 0.64 | G16: 0.64 | H16: 1 | I16: =G16*H16 -> 0.64 | K16: =I16-E16 -> 0 | L16: =IF(I16-E16=0, " 0.00%", I16/E16-1) -> 0.00%
A17: Distribution Volumetric Rate | B17: per kWh | C17: ='2019 Bill Impact'!G17 -> 0.0044 | D17: =$C$9 -> 285 | E17: =C17*D17 -> 1.254 | G17: =App.2PA_Res_Rate_Design_20!D44 -> 0 | H17: =$C$9 -> 285 | I17: =G17*H17 -> 0 | K17: =I17-E17 -> -1.254 | L17: =IF(I17-E17=0, " 0.00%", I17/E17-1) -> -1
A18: Rate Rider per Hydro One Networks' Acquisition Agreement | B18: per kWh | C18: ='2019 Bill Impact'!G18 -> -4e-05 | D18: =$C$9 -> 285 | E18: =C18*D18 -> -0.0114 | G18: =ROUND(-G17*0.01,5) -> 0 | H18: =$C$9 -> 285 | I18: =G18*H18 -> 0 | K18: =I18-E18 -> 0.0114 | L18: =IF(I18-E18=0, " 0.00%", I18/E18-1) -> -1
A19: Rate Rider for Recovery of Incremental Capital | B19: per kWh | C19: ='2019 Bill Impact'!G19 -> 0.0008 | D19: =$C$9 -> 285 | E19: =C19*D19 -> 0.228 | G19: 0.0008 | H19: =$C$9 -> 285 | I19: =G19*H19 -> 0.228 | K19: =I19-E19 -> 0 | L19: =IF(I19-E19=0, " 0.00%", I19/E19-1) -> 0.00%
A20: Sub-Total A (excluding pass through) | E20: =SUM(E14:E19) -> 28.4149 | I20: =SUM(I14:I19) -> 30.5482 | K20: =I20-E20 -> 2.1333 | L20: =IF(I20-E20=0, " 0.00%", I20/E20-1) -> 0.075076808
A21: Line Losses on Cost of Power | B21: per kWh | C21: ='2019 Bill Impact'!G21 -> 0.10214 | D21: =($C$9*$C$10)-$C$9 -> 12.2835 | E21: =C21*D21 -> 1.2546367 | G21: =G31*0.64+G32*0.18+G33*0.18 -> 0.10214 | H21: =($C$9*$C$10)-$C$9 -> 12.2835 | I21: =G21*H21 -> 1.2546367 | K21: =I21-E21 -> 0 | L21: =IF(I21-E21=0, " 0.00%", I21/E21-1) -> 0.00%
A22: Total Deferral/Variance Account Rate Riders | B22: per kWh | C22: ='2019 Bill Impact'!G22 -> 0 | D22: 0 | E22: 0 | G22: 0 | H22: 0 | I22: 0 | K22: =I22-E22 -> 0 | L22: =IF(I22-E22=0, " 0.00%", I22/E22-1) -> 0.00%
A23: Smart Meter Entity Charge | B23: Monthly | C23: ='2019 Bill Impact'!G23 -> 0 | D23: 1 | E23: =C23*D23 -> 0 | G23: 0 | H23: 1 | I23: =G23*H23 -> 0 | K23: =I23-E23 -> 0 | L23: =IF(I23-E23=0, " 0.00%", I23/E23-1) -> 0.00%
A24: Sub-Total B - Distribution (includes Sub-Total A) | E24: =SUM(E20:E23) -> 29.669537 | I24: =SUM(I20:I23) -> 31.802837 | K24: =I24-E24 -> 2.1333 | L24: =IF(I24-E24=0, " 0.00%", I24/E24-1) -> 0.071902033
A25: RTSR - Network | B25: per kWh | C25: ='2019 Bill Impact'!G25 -> 0.0075 | D25: =$C$9*$C$10 -> 297.2835 | E25: =C25*D25 -> 2.2296262 | G25: 0.0075 | H25: =$C$9*$C$10 -> 297.2835 | I25: =G25*H25 -> 2.2296262 | K25: =I25-E25 -> 0 | L25: =IF(I25-E25=0, " 0.00%", I25/E25-1) -> 0.00%
A26: RTSR - Connection and/or Line and Transformation Connection | B26: per kWh | C26: ='2019 Bill Impact'!G26 -> 0.0054 | D26: =$C$9*$C$10 -> 297.2835 | E26: =C26*D26 -> 1.6053309 | G26: 0.0054 | H26: =$C$9*$C$10 -> 297.2835 | I26: =G26*H26 -> 1.6053309 | K26: =I26-E26 -> 0 | L26: =IF(I26-E26=0, " 0.00%", I26/E26-1) -> 0.00%
A27: Sub-Total C - Delivery (including Sub-Total B) | E27: =SUM(E24:E26) -> 33.504494 | I27: =SUM(I24:I26) -> 35.637794 | K27: =I27-E27 -> 2.1333 | L27: =IF(I27-E27=0, " 0.00%", I27/E27-1) -> 0.063672056
A28: Wholesale Market Service Charge (WMSC) | B28: per kWh | C28: ='2019 Bill Impact'!G28 -> 0.0044 | D28: =$C$9*$C$10 -> 297.2835 | E28: =C28*D28 -> 1.3080474 | G28: 0.0044 | H28: =$C$9*$C$10 -> 297.2835 | I28: =G28*H28 -> 1.3080474 | K28: =I28-E28 -> 0 | L28: =IF(I28-E28=0, " 0.00%", I28/E28-1) -> 0.00%
A29: Rural and Remote Rate Protection (RRRP) | B29: per kWh | C29: ='2019 Bill Impact'!G29 -> 0.0013 | D29: =$C$9*$C$10 -> 297.2835 | E29: =C29*D29 -> 0.38646855 | G29: 0.0013 | H29: =$C$9*$C$10 -> 297.2835 | I29: =G29*H29 -> 0.38646855 | K29: =I29-E29 -> 0 | L29: =IF(I29-E29=0, " 0.00%", I29/E29-1) -> 0.00%
A30: Standard Supply Service Charge | B30: Monthly | C30: ='2019 Bill Impact'!G30 -> 0.25 | D30: 1 | E30: =C30*D30 -> 0.25 | G30: 0.25 | H30: 1 | I30: =G30*H30 -> 0.25 | K30: =I30-E30 -> 0 | L30: =IF(I30-E30=0, " 0.00%", I30/E30-1) -> 0.00%
A31: TOU - Off Peak | B31: per kWh | C31: ='2019 Bill Impact'!G31 -> 0.08 | D31: =$C$9*0.64 -> 182.4 | E31: =C31*D31 -> 14.592 | G31: 0.08 | H31: =$C$9*0.64 -> 182.4 | I31: =G31*H31 -> 14.592 | K31: =I31-E31 -> 0 | L31: =IF(I31-E31=0, " 0.00%", I31/E31-1) -> 0.00%
A32: TOU - Mid Peak | B32: per kWh | C32: ='2019 Bill Impact'!G32 -> 0.122 | D32: =$C$9*0.18 -> 51.3 | E32: =C32*D32 -> 6.2586 | G32: 0.122 | H32: =$C$9*0.18 -> 51.3 | I32: =G32*H32 -> 6.2586 | K32: =I32-E32 -> 0 | L32: =IF(I32-E32=0, " 0.00%", I32/E32-1) -> 0.00%
A33: TOU - On Peak | B33: per kWh | C33: ='2019 Bill Impact'!G33 -> 0.161 | D33: =$C$9*0.18 -> 51.3 | E33: =C33*D33 -> 8.2593 | G33: 0.161 | H33: =$C$9*0.18 -> 51.3 | I33: =G33*H33 -> 8.2593 | K33: =I33-E33 -> 0 | L33: =IF(I33-E33=0, " 0.00%", I33/E33-1) -> 0.00%
A35: Total Bill on TOU (before Taxes) | E35: =SUM(E27:E33) -> 64.55891 | I35: =SUM(I27:I33) -> 66.69221 | K35: =I35-E35 -> 2.1333 | L35: =IF(I35-E35=0, " 0.00%", I35/E35-1) -> 0.033044238
A36: HST | C36: 0.13 | E36: =E35*C36 -> 8.3926583 | G36: 0.13 | I36: =I35*G36 -> 8.6699873 | K36: =I36-E36 -> 0.277329 | L36: =IF(I36-E36=0, " 0.00%", I36/E36-1) -> 0.033044238
A37: Total Bill (including HST) | E37: =E35+E36 -> 72.951568 | I37: =I35+I36 -> 75.362197 | K37: =I37-E37 -> 2.410629 | L37: =I37/E37-1 -> 0.033044238
E38: 0 | I38: 0 | K38: =I38-E38 -> 0 | L38: 0
A39: Total Bill Including HST | E39: =E37+E38 -> 72.951568 | I39: =I37+I38 -> 75.362197 | K39: =I39-E39 -> 2.410629 | L39: =IF(I39-E39=0, " 0.00%", I39/E39-1) -> 0.033044238
A43: Woodstock Residential Customer Class TOU
A45: Consumption kWh | C45: ='2019 Bill Impact'!C45 -> 800
A46: Loss Adjustment Factor | C46: ='2019 Bill Impact'!C46 -> 1.0431
C48: Proposed January 1 2019 | G48: Proposed January 1 2020 | K48: Impact
C49: Rate ($) | D49: Volume | E49: Charge ($) | G49: Rate ($) | H49: Volume | I49: Charge ($) | K49: $ Change | L49: % Change
A50: Monthly Service Charge | B50: Monthly | C50: =C14 -> 26.57 | D50: 1 | E50: =C50*D50 -> 26.57 | G50: =G14 -> 29.98 | H50: 1 | I50: =G50*H50 -> 29.98 | K50: =I50-E50 -> 3.41 | L50: =IF(I50-E50=0, " 0.00%", I50/E50-1) -> 0.12834023
A51: Rate Rider per Hydro One Networks' Acquisition Agreement | B51: Monthly | C51: =C15 -> -0.2657 | D51: 1 | E51: =C51*D51 -> -0.2657 | G51: =G15 -> -0.2998 | H51: 1 | I51: =G51*H51 -> -0.2998 | K51: =I51-E51 -> -0.0341 | L51: =IF(I51-E51=0, " 0.00%", I51/E51-1) -> 0.12834023
A52: Rate Rider for Recovery of Smart Meter Incremental Revenue Requirements | B52: Monthly | C52: =C16 -> 0.64 | D52: 1 | E52: =C52*D52 -> 0.64 | G52: =G16 -> 0.64 | H52: 1 | I52: =G52*H52 -> 0.64 | K52: =I52-E52 -> 0 | L52: =IF(I52-E52=0, " 0.00%", I52/E52-1) -> 0.00%
A53: Distribution Volumetric Rate | B53: per kWh | C53: =C17 -> 0.0044 | D53: =$C$45 -> 800 | E53: =C53*D53 -> 3.52 | G53: =G17 -> 0 | H53: =$C$45 -> 800 | I53: =G53*H53 -> 0 | K53: =I53-E53 -> -3.52 | L53: =IF(I53-E53=0, " 0.00%", I53/E53-1) -> -1
A54: Rate Rider per Hydro One Networks' Acquisition Agreement | B54: per kWh | C54: =C18 -> -4e-05 | D54: =$C$45 -> 800 | E54: =C54*D54 -> -0.032 | G54: =G18 -> 0 | H54: =$C$45 -> 800 | I54: =G54*H54 -> 0 | K54: =I54-E54 -> 0.032 | L54: =IF(I54-E54=0, " 0.00%", I54/E54-1) -> -1
A55: Rate Rider for Recovery of Incremental Capital | B55: per kWh | C55: =C19 -> 0.0008 | D55: =$C$45 -> 800 | E55: =C55*D55 -> 0.64 | G55: =G19 -> 0.0008 | H55: =$C$45 -> 800 | I55: =G55*H55 -> 0.64 | K55: =I55-E55 -> 0 | L55: =IF(I55-E55=0, " 0.00%", I55/E55-1) -> 0.00%
A56: Sub-Total A (excluding pass through) | E56: =SUM(E50:E55) -> 31.0723 | I56: =SUM(I50:I55) -> 30.9602 | K56: =I56-E56 -> -0.1121 | L56: =IF(I56-E56=0, " 0.00%", I56/E56-1) -> -0.0036077149
A57: Line Losses on Cost of Power | B57: per kWh | C57: =C21 -> 0.10214 | D57: =($C$45*$C$46)-$C$45 -> 34.48 | E57: =C57*D57 -> 3.5217872 | G57: =G21 -> 0.10214 | H57: =($C$45*$C$46)-$C$45 -> 34.48 | I57: =G57*H57 -> 3.5217872 | K57: =I57-E57 -> 0 | L57: =IF(I57-E57=0, " 0.00%", I57/E57-1) -> 0.00%
A58: Total Deferral/Variance Account Rate Riders | B58: per kWh | C58: =C22 -> 0 | D58: 0 | E58: 0 | G58: =G22 -> 0 | H58: 0 | I58: 0 | K58: =I58-E58 -> 0 | L58: =IF(I58-E58=0, " 0.00%", I58/E58-1) -> 0.00%
A59: Smart Meter Entity Charge | B59: Monthly | C59: =C23 -> 0 | D59: 1 | E59: =C59*D59 -> 0 | G59: =G23 -> 0 | H59: 1 | I59: =G59*H59 -> 0 | K59: =I59-E59 -> 0 | L59: =IF(I59-E59=0, " 0.00%", I59/E59-1) -> 0.00%
A60: Sub-Total B - Distribution (includes Sub-Total A) | E60: =SUM(E56:E59) -> 34.594087 | I60: =SUM(I56:I59) -> 34.481987 | K60: =I60-E60 -> -0.1121 | L60: =IF(I60-E60=0, " 0.00%", I60/E60-1) -> -0.0032404382
A61: RTSR - Network | B61: per kWh | C61: =C25 -> 0.0075 | D61: =$C$45*$C$46 -> 834.48 | E61: =C61*D61 -> 6.2586 | G61: =G25 -> 0.0075 | H61: =$C$45*$C$46 -> 834.48 | I61: =G61*H61 -> 6.2586 | K61: =I61-E61 -> 0 | L61: =IF(I61-E61=0, " 0.00%", I61/E61-1) -> 0.00%
A62: RTSR - Connection and/or Line and Transformation Connection | B62: per kWh | C62: =C26 -> 0.0054 | D62: =$C$45*$C$46 -> 834.48 | E62: =C62*D62 -> 4.506192 | G62: =G26 -> 0.0054 | H62: =$C$45*$C$46 -> 834.48 | I62: =G62*H62 -> 4.506192 | K62: =I62-E62 -> 0 | L62: =IF(I62-E62=0, " 0.00%", I62/E62-1) -> 0.00%
A63: Sub-Total C - Delivery (including Sub-Total B) | E63: =SUM(E60:E62) -> 45.358879 | I63: =SUM(I60:I62) -> 45.246779 | K63: =I63-E63 -> -0.1121 | L63: =IF(I63-E63=0, " 0.00%", I63/E63-1) -> -0.0024714015
A64: Wholesale Market Service Charge (WMSC) | B64: per kWh | C64: =C28 -> 0.0044 | D64: =$C$45*$C$46 -> 834.48 | E64: =C64*D64 -> 3.671712 | G64: =G28 -> 0.0044 | H64: =$C$45*$C$46 -> 834.48 | I64: =G64*H64 -> 3.671712 | K64: =I64-E64 -> 0 | L64: =IF(I64-E64=0, " 0.00%", I64/E64-1) -> 0.00%
A65: Rural and Remote Rate Protection (RRRP) | B65: per kWh | C65: =C29 -> 0.0013 | D65: =$C$45*$C$46 -> 834.48 | E65: =C65*D65 -> 1.084824 | G65: =G29 -> 0.0013 | H65: =$C$45*$C$46 -> 834.48 | I65: =G65*H65 -> 1.084824 | K65: =I65-E65 -> 0 | L65: =IF(I65-E65=0, " 0.00%", I65/E65-1) -> 0.00%
A66: Standard Supply Service Charge | B66: Monthly | C66: =C30 -> 0.25 | D66: 1 | E66: =C66*D66 -> 0.25 | G66: =G30 -> 0.25 | H66: 1 | I66: =G66*H66 -> 0.25 | K66: =I66-E66 -> 0 | L66: =IF(I66-E66=0, " 0.00%", I66/E66-1) -> 0.00%
A67: TOU - Off Peak | B67: per kWh | C67: =C31 -> 0.08 | D67: =$C$45*0.64 -> 512 | E67: =C67*D67 -> 40.96 | G67: =G31 -> 0.08 | H67: =$C$45*0.64 -> 512 | I67: =G67*H67 -> 40.96 | K67: =I67-E67 -> 0 | L67: =IF(I67-E67=0, " 0.00%", I67/E67-1) -> 0.00%
A68: TOU - Mid Peak | B68: per kWh | C68: =C32 -> 0.122 | D68: =$C$45*0.18 -> 144 | E68: =C68*D68 -> 17.568 | G68: =G32 -> 0.122 | H68: =$C$45*0.18 -> 144 | I68: =G68*H68 -> 17.568 | K68: =I68-E68 -> 0 | L68: =IF(I68-E68=0, " 0.00%", I68/E68-1) -> 0.00%
A69: TOU - On Peak | B69: per kWh | C69: =C33 -> 0.161 | D69: =$C$45*0.18 -> 144 | E69: =C69*D69 -> 23.184 | G69: =G33 -> 0.161 | H69: =$C$45*0.18 -> 144 | I69: =G69*H69 -> 23.184 | K69: =I69-E69 -> 0 | L69: =IF(I69-E69=0, " 0.00%", I69/E69-1) -> 0.00%
A71: Total Bill on TOU (before Taxes) | E71: =SUM(E63:E69) -> 132.07742 | I71: =SUM(I63:I69) -> 131.96532 | K71: =I71-E71 -> -0.1121 | L71: =IF(I71-E71=0, " 0.00%", I71/E71-1) -> -0.00084874465
A72: HST | C72: 0.13 | E72: =E71*C72 -> 17.170064 | G72: 0.13 | I72: =I71*G72 -> 17.155491 | K72: =I72-E72 -> -0.014573 | L72: =IF(I72-E72=0, " 0.00%", I72/E72-1) -> -0.00084874465
A73: Total Bill (including HST) | E73: =E71+E72 -> 149.24748 | I73: =I71+I72 -> 149.12081 | K73: =I73-E73 -> -0.126673 | L73: =I73/E73-1 -> -0.00084874465
E74: 0 | I74: 0 | K74: =I74-E74 -> 0 | L74: 0
A75: Total Bill Including HST | E75: =E73+E74 -> 149.24748 | I75: =I73+I74 -> 149.12081 | K75: =I75-E75 -> -0.126673 | L75: =IF(I75-E75=0, " 0.00%", I75/E75-1) -> -0.00084874465
A79: Woodstock Residential Customer Class TOU
A81: Consumption kWh | C81: ='2019 Bill Impact'!C81 -> 1500
A82: Loss Adjustment Factor | C82: ='2019 Bill Impact'!C82 -> 1.0431
C84: Proposed January 1 2019 | G84: Proposed January 1 2020 | K84: Impact
C85: Rate ($) | D85: Volume | E85: Charge ($) | G85: Rate ($) | H85: Volume | I85: Charge ($) | K85: $ Change | L85: % Change
A86: Monthly Service Charge | B86: Monthly | C86: =C50 -> 26.57 | D86: 1 | E86: =C86*D86 -> 26.57 | G86: =G50 -> 29.98 | H86: 1 | I86: =G86*H86 -> 29.98 | K86: =I86-E86 -> 3.41 | L86: =IF(I86-E86=0, " 0.00%", I86/E86-1) -> 0.12834023
A87: Rate Rider per Hydro One Networks' Acquisition Agreement | B87: Monthly | C87: =C51 -> -0.2657 | D87: 1 | E87: =C87*D87 -> -0.2657 | G87: =G51 -> -0.2998 | H87: 1 | I87: =G87*H87 -> -0.2998 | K87: =I87-E87 -> -0.0341 | L87: =IF(I87-E87=0, " 0.00%", I87/E87-1) -> 0.12834023
A88: Rate Rider for Recovery of Smart Meter Incremental Revenue Requirements | B88: Monthly | C88: =C52 -> 0.64 | D88: 1 | E88: =C88*D88 -> 0.64 | G88: =G52 -> 0.64 | H88: 1 | I88: =G88*H88 -> 0.64 | K88: =I88-E88 -> 0 | L88: =IF(I88-E88=0, " 0.00%", I88/E88-1) -> 0.00%
A89: Distribution Volumetric Rate | B89: per kWh | C89: =C53 -> 0.0044 | D89: =$C$81 -> 1500 | E89: =C89*D89 -> 6.6 | G89: =G53 -> 0 | H89: =$C$81 -> 1500 | I89: =G89*H89 -> 0 | K89: =I89-E89 -> -6.6 | L89: =IF(I89-E89=0, " 0.00%", I89/E89-1) -> -1
A90: Rate Rider per Hydro One Networks' Acquisition Agreement | B90: per kWh | C90: =C54 -> -4e-05 | D90: =$C$81 -> 1500 | E90: =C90*D90 -> -0.06 | G90: =G54 -> 0 | H90: =$C$81 -> 1500 | I90: =G90*H90 -> 0 | K90: =I90-E90 -> 0.06 | L90: =IF(I90-E90=0, " 0.00%", I90/E90-1) -> -1
A91: Rate Rider for Recovery of Incremental Capital | B91: per kWh | C91: =C55 -> 0.0008 | D91: =$C$81 -> 1500 | E91: =C91*D91 -> 1.2 | G91: =G55 -> 0.0008 | H91: =$C$81 -> 1500 | I91: =G91*H91 -> 1.2 | K91: =I91-E91 -> 0 | L91: =IF(I91-E91=0, " 0.00%", I91/E91-1) -> 0.00%
A92: Sub-Total A (excluding pass through) | E92: =SUM(E86:E91) -> 34.6843 | I92: =SUM(I86:I91) -> 31.5202 | K92: =I92-E92 -> -3.1641 | L92: =IF(I92-E92=0, " 0.00%", I92/E92-1) -> -0.091225713
A93: Line Losses on Cost of Power | B93: per kWh | C93: =C57 -> 0.10214 | D93: =($C$81*$C$46)-$C$81 -> 64.65 | E93: =C93*D93 -> 6.603351 | G93: =G57 -> 0.10214 | H93: =($C$81*$C$46)-$C$81 -> 64.65 | I93: =G93*H93 -> 6.603351 | K93: =I93-E93 -> 0 | L93: =IF(I93-E93=0, " 0.00%", I93/E93-1) -> 0.00%
A94: Total Deferral/Variance Account Rate Riders | B94: per kWh | C94: =C58 -> 0 | D94: 0 | E94: 0 | G94: =G58 -> 0 | H94: 0 | I94: 0 | K94: =I94-E94 -> 0 | L94: =IF(I94-E94=0, " 0.00%", I94/E94-1) -> 0.00%
A95: Smart Meter Entity Charge | B95: Monthly | C95: =C59 -> 0 | D95: 1 | E95: =C95*D95 -> 0 | G95: =G59 -> 0 | H95: 1 | I95: =G95*H95 -> 0 | K95: =I95-E95 -> 0 | L95: =IF(I95-E95=0, " 0.00%", I95/E95-1) -> 0.00%
A96: Sub-Total B - Distribution (includes Sub-Total A) | E96: =SUM(E92:E95) -> 41.287651 | I96: =SUM(I92:I95) -> 38.123551 | K96: =I96-E96 -> -3.1641 | L96: =IF(I96-E96=0, " 0.00%", I96/E96-1) -> -0.076635505
A97: RTSR - Network | B97: per kWh | C97: =C61 -> 0.0075 | D97: =$C$81*$C$46 -> 1564.65 | E97: =C97*D97 -> 11.734875 | G97: =G61 -> 0.0075 | H97: =$C$81*$C$46 -> 1564.65 | I97: =G97*H97 -> 11.734875 | K97: =I97-E97 -> 0 | L97: =IF(I97-E97=0, " 0.00%", I97/E97-1) -> 0.00%
A98: RTSR - Connection and/or Line and Transformation Connection | B98: per kWh | C98: =C62 -> 0.0054 | D98: =$C$81*$C$46 -> 1564.65 | E98: =C98*D98 -> 8.44911 | G98: =G62 -> 0.0054 | H98: =$C$81*$C$46 -> 1564.65 | I98: =G98*H98 -> 8.44911 | K98: =I98-E98 -> 0 | L98: =IF(I98-E98=0, " 0.00%", I98/E98-1) -> 0.00%
A99: Sub-Total C - Delivery (including Sub-Total B) | E99: =SUM(E96:E98) -> 61.471636 | I99: =SUM(I96:I98) -> 58.307536 | K99: =I99-E99 -> -3.1641 | L99: =IF(I99-E99=0, " 0.00%", I99/E99-1) -> -0.05147252
A100: Wholesale Market Service Charge (WMSC) | B100: per kWh | C100: =C64 -> 0.0044 | D100: =$C$81*$C$46 -> 1564.65 | E100: =C100*D100 -> 6.88446 | G100: =G64 -> 0.0044 | H100: =$C$81*$C$46 -> 1564.65 | I100: =G100*H100 -> 6.88446 | K100: =I100-E100 -> 0 | L100: =IF(I100-E100=0, " 0.00%", I100/E100-1) -> 0.00%
A101: Rural and Remote Rate Protection (RRRP) | B101: per kWh | C101: =C65 -> 0.0013 | D101: =$C$81*$C$46 -> 1564.65 | E101: =C101*D101 -> 2.034045 | G101: =G65 -> 0.0013 | H101: =$C$81*$C$46 -> 1564.65 | I101: =G101*H101 -> 2.034045 | K101: =I101-E101 -> 0 | L101: =IF(I101-E101=0, " 0.00%", I101/E101-1) -> 0.00%
A102: Standard Supply Service Charge | B102: Monthly | C102: =C66 -> 0.25 | D102: 1 | E102: =C102*D102 -> 0.25 | G102: =G66 -> 0.25 | H102: 1 | I102: =G102*H102 -> 0.25 | K102: =I102-E102 -> 0 | L102: =IF(I102-E102=0, " 0.00%", I102/E102-1) -> 0.00%
A103: TOU - Off Peak | B103: per kWh | C103: =C67 -> 0.08 | D103: =$C$81*0.64 -> 960 | E103: =C103*D103 -> 76.8 | G103: =G67 -> 0.08 | H103: =$C$81*0.64 -> 960 | I103: =G103*H103 -> 76.8 | K103: =I103-E103 -> 0 | L103: =IF(I103-E103=0, " 0.00%", I103/E103-1) -> 0.00%
A104: TOU - Mid Peak | B104: per kWh | C104: =C68 -> 0.122 | D104: =$C$81*0.18 -> 270 | E104: =C104*D104 -> 32.94 | G104: =G68 -> 0.122 | H104: =$C$81*0.18 -> 270 | I104: =G104*H104 -> 32.94 | K104: =I104-E104 -> 0 | L104: =IF(I104-E104=0, " 0.00%", I104/E104-1) -> 0.00%
A105: TOU - On Peak | B105: per kWh | C105: =C69 -> 0.161 | D105: =$C$81*0.18 -> 270 | E105: =C105*D105 -> 43.47 | G105: =G69 -> 0.161 | H105: =$C$81*0.18 -> 270 | I105: =G105*H105 -> 43.47 | K105: =I105-E105 -> 0 | L105: =IF(I105-E105=0, " 0.00%", I105/E105-1) -> 0.00%
A107: Total Bill on TOU (before Taxes) | E107: =SUM(E99:E105) -> 223.85014 | I107: =SUM(I99:I105) -> 220.68604 | K107: =I107-E107 -> -3.1641 | L107: =IF(I107-E107=0, " 0.00%", I107/E107-1) -> -0.014134903
A108: HST | C108: 0.13 | E108: =E107*C108 -> 29.100518 | G108: 0.13 | I108: =I107*G108 -> 28.689185 | K108: =I108-E108 -> -0.411333 | L108: =IF(I108-E108=0, " 0.00%", I108/E108-1) -> -0.014134903
A109: Total Bill (including HST) | E109: =E107+E108 -> 252.95066 | I109: =I107+I108 -> 249.37523 | K109: =I109-E109 -> -3.575433 | L109: =I109/E109-1 -> -0.014134903
E110: 0 | I110: 0 | K110: =I110-E110 -> 0 | L110: 0
A111: Total Bill Including HST | E111: =E109+E110 -> 252.95066 | I111: =I109+I110 -> 249.37523 | K111: =I111-E111 -> -3.575433 | L111: =IF(I111-E111=0, " 0.00%", I111/E111-1) -> -0.014134903

Sheet Sheet1
